 Dungeon Crawl Stone Soup version 0.31-a0-865-g3d5d91748a (webtiles) character file.

Game seed: 14146230486680560885

2451259 Charly the Slayer (level 27, 270/270 HPs)
             Began as a Grey Draconian Brigand on Oct 9, 2023.
             Was a Favourite Plaything of Xom.
             Escaped with the Orb
             ... and 4 runes on Oct 10, 2023!
             The game lasted 03:52:48 (65017 turns).

Charly the Slayer (Grey Draconian Brigand)         Turns: 65017, Time: 03:52:49

Health: 270/270    AC: 33    Str: 21    XL:     27
Magic:  23/23      EV: 34    Int: 10    God:    Xom [*.....]
Gold:   1599       SH: 40    Dex: 28    Spells: 16/26 levels left

rFire   + + .        a - +9 quick blade (protect)
rCold   + + +        Y - +8 tower shield {rF+}
rNeg    . . .        (body armour unavailable)
rPois   +            Q - +2 hat {Will+}
rElec   +            K - scarf {rC+ rF+}
rCorr   .            v - +1 pair of gloves of Xefrogh {Str+3 Slay+2}
SInv    .            k - +2 pair of boots {rampage}
Will    ++++.        Z - amulet of reflection
Stlth   +++          N - ring "Yjore" {Fly rC+ Slay+2}
HPRegen 0.65/turn    D - +4 ring of slaying
MPRegen 0.18/turn

%: reflection, rampage
@: maw-form, under a protective aura, flying, studying 2 skills
A: devouring maw, AC +18, amphibious, unfitting armour, cold-blooded, beak,
talons 1, thin skeletal structure 2, clumsy 1, cold resistance 1, deterioration
2, strong-willed 1, poison resistance, screaming 1, shaggy fur 1, electricity
resistance, strong 1, no potion heal 1, noise suppression
0: Orb of Zot
}: 4/15 runes: decaying, serpentine, slimy, silver
a: Begin Untransformation, Renounce Religion


You escaped.
You worshipped Xom.
You were a special plaything of Xom.
You were a creature with a mouth for a stomach.
You visited 12 branches of the dungeon, and saw 56 of its levels.
You visited the Abyss 1 time.
You visited 1 ziggurat, and saw 10 of its levels.
You also visited: Sewer, Gauntlet and Wizlab.

You collected 12034 gold pieces.
You spent 10435 gold pieces at shops.

Inventory:

Hand Weapons
 a - a +9 quick blade of protection (weapon)
 b - the +8 arc blade {discharge, rElec}
   (You took it off a deep elf death mage on level 3 of the Elven Halls)

   rElec:     It insulates you from electricity.
Missiles
 g - 15 datura-tipped darts (quivered)
 h - 27 curare-tipped darts
 P - 3 throwing nets
Armour
 k - a +2 pair of boots of rampaging (worn)
 v - the +1 pair of gloves of Xefrogh (worn) {Str+3 Slay+2}
   (You found it on level 5 of the Vaults)

   Str+3:     It affects your strength (+3).
   Slay+2:    It affects your accuracy & damage with ranged weapons and melee
   (+2).
 K - a scarf of resistance (worn)
 M - the +1 cloak of Ashenzari, Inviting {rElec rN+}
   (You acquired it on level 3 of the Realm of Zot)

   rElec:     It insulates you from electricity.
   rN+:       It protects you from negative energy.
 Q - a +2 hat of willpower (worn)
 Y - a +8 tower shield of fire resistance (worn)
Jewellery
 f - the ring "Buryeber" {rF+ AC+4 Dex+2}
   (You found it on level 10 of a ziggurat)

   [ring of protection]

   AC+4:      It affects your AC (+4).
   Dex+2:     It affects your dexterity (+2).
   rF+:       It protects you from fire.
 m - the ring "Ismuggawn" {Will+ rCorr Int+4}
   (You took it off a deep elf death mage on level 3 of the Elven Halls)

   [ring of willpower]

   Int+4:     It affects your intelligence (+4).
   Will+:     It increases your willpower.
   rCorr:     It protects you from acid and corrosion.
 n - the ring "Zecvye" {rElec rC+ rN+ Dex+3}
   (You found it on level 3 of the Crypt)

   [ring of positive energy]

   Dex+3:     It affects your dexterity (+3).
   rC+:       It protects you from cold.
   rElec:     It insulates you from electricity.
   rN+:       It protects you from negative energy.
 p - the ring "Qoyhot" {rPois Dex+3}
   (You took it off an ironbound convoker on level 3 of the Vaults)

   [ring of poison resistance]

   Dex+3:     It affects your dexterity (+3).
   rPois:     It protects you from poison
 D - a +4 ring of slaying (right hand)
 N - the ring "Yjore" (left hand) {Fly rC+ Slay+2}
   (You found it on level 5 of the Pits of Slime)

   [ring of flight]

   Slay+2:    It affects your accuracy & damage with ranged weapons and melee
   (+2).
   rC+:       It protects you from cold.
   Fly:       It grants you flight.
 Z - an amulet of reflection (around neck)
Talismans
 T - a maw talisman (active)
Wands
 C - a wand of iceblast (63)
 O - a wand of quicksilver (104)
 S - a wand of digging (24)
 U - a wand of charming (83)
 X - a wand of mindburst (37)
Scrolls
 c - 12 scrolls of fear
 e - 28 scrolls of teleportation
 o - 8 scrolls of blinking
 s - 5 scrolls of butterflies
 u - 12 scrolls of fog
 y - 13 scrolls of immolation
 B - 9 scrolls of vulnerability
 F - 2 scrolls of revelation
 I - 6 scrolls of silence
 L - 4 scrolls of poison
Potions
 i - 21 potions of heal wounds
 j - 25 potions of curing
 l - 7 potions of berserk rage
 r - 5 potions of magic
 t - 8 potions of mutation
 w - 12 potions of lignification
 x - 13 potions of enlightenment
 z - 13 potions of attraction
 A - 6 potions of haste
 E - 5 potions of invisibility
 G - 3 potions of cancellation
 J - 3 potions of might
 V - 11 potions of ambrosia
Miscellaneous
 d - a box of beasts
 q - a phial of floods
 H - a phantom mirror
 R - a tin of tremorstones (2/2)
 W - a lightning rod (4/4)


   Skills:
 + Level 26.5 Fighting
 - Level 14.0 Short Blades
 - Level 4.0 Throwing
 + Level 21.2 Dodging
 - Level 15.0 Stealth
 * Level 23.0 Shields
 - Level 15.0 Evocations
 - Level 19.0 Shapeshifting


You had 16 spell levels left.
You knew the following spells:

 Your Spells              Type           Power      Damage    Failure   Level
a - Apportation           Tloc           0%         N/A       45%         1
b - Blink                 Tloc           0%         N/A       61%         2
l - Lesser Beckoning      Tloc           0%         N/A       61%         2
q - Swiftness             Air            0%         N/A       83%         3
w - Wereblood             Tmut           0%         N/A       61%         2

Your spell library contained the following spells:

 Spells                   Type           Power      Damage    Failure   Level
 Foxfire                  Conj/Fire      0%         2x1d4     45%         1
 Magic Dart               Conj           0%         1d3       45%         1
 Necrotise                Necr           0%         1d4       45%         1
 Shock                    Conj/Air       0%         1d3       45%         1
 Slow                     Hex            0%         N/A       45%         1
 Sting                    Tmut/Pois      0%         1d3       45%         1
 Summon Small Mammal      Summ           0%         N/A       45%         1
 Call Imp                 Summ           0%         N/A       61%         2
 Cigotuvi's Dreadful Rot  Necr/Pois/Air  0%         N/A       61%         2
 Ensorcelled Hibernation  Hex/Ice        0%         N/A       61%         2
 Jinxbite                 Hex            0%         N/A       61%         2
 Momentum Strike          Conj/Tloc      0%         3d8       61%         2
 Passwall                 Tmut/Erth      0%         N/A       61%         2
 Poisonous Vapours        Pois/Air       0%         N/A       61%         2
 Searing Ray              Conj           0%         2d4       61%         2
 Static Discharge         Conj/Air       0%         2-2/arc   61%         2
 Sublimation of Blood     Necr           0%         N/A       61%         2
 Call Canine Familiar     Summ           0%         N/A       83%         3
 Confusing Touch          Hex            0%         N/A       83%         3
 Dazzling Flash           Conj/Hex       0%         N/A       83%         3
 Frozen Ramparts          Ice            0%         1d1       83%         3
 Gell's Gravitas          Tloc           0%         N/A       83%         3
 Hailstorm                Conj/Ice       0%         3d3       83%         3
 Inner Flame              Hex/Fire       0%         N/A       83%         3
 Mephitic Cloud           Conj/Pois/Air  0%         N/A       83%         3
 Ozocubu's Armour         Ice            0%         N/A       83%         3
 Sigil of Binding         Hex            0%         N/A       83%         3
 Summon Guardian Golem    Hex/Summ       0%         N/A       83%         3
 Teleport Other           Tloc           0%         N/A       83%         3
 Tukima's Dance           Hex            0%         N/A       83%         3
 Vampiric Draining        Necr           0%         2d6       83%         3
 Volatile Blastmotes      Fire/Tloc      0%         2d10      83%         3
 Airstrike                Air            0%         2d(0-16)  99%         4
 Anguish                  Hex/Necr       0%         N/A       99%         4
 Brom's Barrelling Bould  Conj/Erth      0%         2d3       99%         4
 Cause Fear               Hex            0%         N/A       99%         4
 Dimensional Bullseye     Hex/Tloc       0%         N/A       99%         4
 Dispel Undead            Necr           0%         3d6       99%         4
 Flame Wave               Conj/Fire      0%         2d4       99%         4
 Fulminant Prism          Conj/Hex       0%         3d5       99%         4
 Iskenderun's Mystic Bla  Conj/Tloc      0%         2d3       99%         4
 Leda's Liquefaction      Hex/Erth       0%         N/A       99%         4
 Manifold Assault         Tloc           0%         N/A       99%         4
 Olgreb's Toxic Radiance  Pois           0%         N/A       99%         4
 Passage of Golubria      Tloc           0%         N/A       99%         4
 Petrify                  Tmut/Erth      0%         N/A       99%         4
 Sticky Flame             Conj/Fire      0%         2d3       99%         4
 Summon Ice Beast         Ice/Summ       0%         N/A       99%         4
 Summon Lightning Spire   Summ/Air       0%         N/A       99%         4
 Vhi's Electric Charge    Tloc/Air       0%         N/A       99%         4
 Agony                    Necr           0%         N/A       100%        5
 Arcjolt                  Conj/Air       0%         1d10      100%        5
 Fireball                 Conj/Fire      0%         3d3       100%        5
 Freezing Cloud           Conj/Ice/Air   0%         6-21      100%        5
 Irradiate                Conj/Tmut      0%         3d11      100%        5
 Iskenderun's Battlesphe  Conj           0%         2d6       100%        5
 Lee's Rapid Deconstruct  Erth           0%         3d4*      100%        5
 Metabolic Englaciation   Hex/Ice        0%         N/A       100%        5
 Silence                  Hex/Air        0%         N/A       100%        5
 Summon Forest            Summ/Tloc      0%         N/A       100%        5
 Summon Mana Viper        Hex/Summ       0%         N/A       100%        5
 Yara's Violent Unravell  Hex/Tmut       0%         3d3       100%        5
 Bombard                  Conj/Erth      0%         9d1       100%        6
 Conjure Ball Lightning   Conj/Air       0%         3x3d6     100%        6
 Death Channel            Necr           0%         N/A       100%        6
 Dispersal                Tloc           0%         N/A       100%        6
 Eringya's Noxious Bog    Tmut/Pois      0%         4d6       100%        6
 Plasma Beam              Fire/Air       0%         2x1d10    100%        6
 Simulacrum               Ice/Necr       0%         N/A       100%        6
 Starburst                Conj/Fire      0%         6d3       100%        6
 Summon Cactus Giant      Summ           0%         N/A       100%        6
 Enfeeble                 Hex            0%         N/A       100%        7
 Monstrous Menagerie      Summ           0%         N/A       100%        7
 Orb of Destruction       Conj           0%         9d5       100%        7
 Spellforged Servitor     Conj/Summ      0%         N/A       100%        7
 Summon Hydra             Summ           0%         N/A       100%        7
 Borgnjor's Revivificati  Necr           0%         N/A       100%        8
 Discord                  Hex            0%         N/A       100%        8
 Disjunction              Tloc           0%         N/A       100%        8
 Ignition                 Fire           0%         3d3       100%        8
 Infestation              Necr           0%         N/A       100%        8
 Lehudib's Crystal Spear  Conj/Erth      0%         10d2      100%        8
 Maxwell's Capacitive Co  Air            0%         ∞         100%        8
 Summon Horrible Things   Summ           0%         N/A       100%        8
 Chain Lightning          Conj/Air       0%         N/A       100%        9
 Fire Storm               Conj/Fire      0%         5d1       100%        9
 Shatter                  Erth           0%         3d5*      100%        9


Dungeon Overview and Level Annotations

Branches:
Dungeon (15/15)            Temple (1/1) D:5            Lair (5/5) D:10
  Swamp (4/4) Lair:3        Snake (4/4) Lair:3        Slime (5/5) Lair:4
    Orc (2/2) D:11            Elf (3/3) Orc:2        Vaults (5/5) D:13
  Crypt (3/3) Vaults:3       Tomb (0/3) Crypt:3      Depths (4/4) D:15
    Zot (5/5) Depths:4      Sewer (visited)          WizLab (visited)
Gauntlet (visited)

Altars:
Ashenzari
Cheibriados
Dithmenos
Elyvilon
Fedhas
Gozag
Hepliaklqana
Kikubaaqudgha
Makhleb
Nemelex Xobeh
Okawaru
Qazlal
Ru
Sif Muna
Trog
Uskayaw
Vehumet
Wu Jian
Xom
Yredelemnul
Zin
The Shining One

Shops:
D:7 *   D:8 (   D:11 *   D:12 =   D:15 *   Orc:2 :!([   Elf:2 =   Snake:1 ??*(
Snake:4 :?*   Vaults:1 ?   Vaults:2 *   Depths:2 =::   Depths:4 :[((

Portals:
Hell: Depths:1 Depths:2 Depths:3 Depths:4
Abyss: Depths:1 Depths:3
Pandemonium: Depths:2 Depths:3 Depths:4
Trove: Vaults:4 (give 7 potions of haste)

Annotations:
D:10 4 transporters


Innate Abilities, Weirdness & Mutations

You are a creature with a mouth for a stomach.
Your midsection houses a second, enormous mouth.
Your dull iron-grey scales are very hard. (AC +18)
You are amphibious.
You cannot fit into any form of body armour.
You are cold-blooded and may be slowed by cold attacks.
You have a beak for a mouth.
You have sharp toenails.
You have a moderately thin skeletal structure. (Dex +4, Stealth++)
You are clumsy. (Dex -2)
Your flesh is cold resistant. (rC+)
Your body often deteriorates upon taking damage.
You are strong-willed. (Will+)
Your system is resistant to poisons. (rPois)
You occasionally shout uncontrollably at your foes.
You are covered in fur. (AC +1)
You are resistant to electric shocks. (rElec)
Your muscles are strong. (Str +4, Int/Dex -1)
Potions are less effective at restoring your health.
You passively dampen the noise of your surroundings.


Message History

Things that are here:
a +0 robe; a +0 scythe; the human skeleton of Sigmund
There is an escape hatch in the ceiling here.
A mysterious force pulls you upwards. The hatch slams shut behind you.
There is a stone staircase leading up here.
You fly upwards.
There is a stone staircase leading down here.
An Orb Guardian comes into view.
You hit the Orb Guardian.
Your weapon exudes an aura of protection.
Your peck misses the Orb Guardian. You tail-slap the Orb Guardian.
You bite the Orb Guardian! You closely miss the Orb Guardian.
Your peck misses the Orb Guardian.
The Orb Guardian is lightly wounded.
You block the Orb Guardian's attack.
You hit the Orb Guardian. You peck the Orb Guardian.
Your bite misses the Orb Guardian. You puncture the Orb Guardian!
Your bite misses the Orb Guardian.
The Orb Guardian is heavily wounded.
You hit the Orb Guardian but do no damage.
You bite the Orb Guardian, but do no damage.
You hit the Orb Guardian.
You peck the Orb Guardian, but do no damage.
Your tail-slap misses the Orb Guardian.
You bite the Orb Guardian.
The Orb Guardian is heavily wounded.
You block the Orb Guardian's attack.
You hit the Orb Guardian.
You peck the Orb Guardian, but do no damage.
You tail-slap the Orb Guardian.
You bite the Orb Guardian, but do no damage.
You hit the Orb Guardian but do no damage.
You peck the Orb Guardian.
Your tail-slap misses the Orb Guardian.
The Orb Guardian is severely wounded.
You block the Orb Guardian's attack.
You puncture the Orb Guardian! You bite the Orb Guardian!!
You kill the Orb Guardian!
Your Shields skill increases to level 23!
There is a staircase leading out of the dungeon here.
Okay, then.
You have escaped!

##.....# ###....### #.# ####..#
##........###.# #..#
##....##....##.#### #..#
#............#.#>.. #..#
##............#.#.## #..#
#.....####......#.# #..###
#...### ###....#.# #....# #..##
#.##.#.# #.##.## #..W###
###..#.#.# #.....#
#.....####....#.#.# ####..#
##............#.#.# #..#
#............#.#.#
########..######....##....####.#
...............##........## ##.##
########.#####..###...[######...#
#........######## #......
#.###..#..###### #.#...#


There were no monsters in sight!

Vanquished Creatures
  the Royal Jelly (Slime:5)
  5 ancient liches
  9 dread liches
  4 orbs of fire
  3 pandemonium lords
  Frederick (Vaults:2)
  4 Killer Klowns
  2 curse toes (Zot:4)
  The ghost of Gathuos the Earth Mage, an adept OpEE of Vehumet (Crypt:2)
  13 golden dragons
  A caustic shrike (Depths:3)
  A profane servitor (Zot:5)
  A pearl dragon (Depths:1)
  Nikola (Elf:2)
  4 electric golems
  A Brimstone Fiend (Zot:2)
  A hellephant (Zot:4)
  A walking crystal tome (Zot:3)
  25 tentacled monstrosities
  An Ice Fiend (D:3)
  2 liches
  A Hell Sentinel (Zig:8)
  A walking frostbound tome (Depths:4)
  2 walking earthen tomes
  9 titans
  4 deep elf blademasters
  9 acid blobs
  22 Orb Guardians
  3 deep elf master archers
  3 Executioners
  2 quicksilver dragons
  9 sphinxes
  An ancient champion (Crypt:2)
  5 death cobs
  11 storm dragons
  Gastronok (D:10)
  Roxanne (D:14)
  Aizul (Snake:4)
  7 shadow dragons
  6 tengu reavers
  7 azure jellies
  7 draconian monks
  2 revenants
  4 narguns (Zot:3)
  5 rockslimes (Slime:5)
  16 vault wardens
  9 frost giants
  4 fire giants
  A demonspawn warmonger (Zig:9)
  6 draconian knights
  5 nagarajas
  3 iron dragons
  2 balrugs
  8 deep elf sorcerers
  12 draconian shifters
  A ghost moth (Zot:1)
  3 deep elf elementalists
  6 draconian scorchers
  A reaper (Gauntlet)
  2 cacodemons
  4 curse skulls
  9 ghouls
  6 draconian stormcallers
  4 orc warlords
  9 very ugly things
  7 quicksilver oozes (Slime:5)
  2 spriggan defenders (Depths:4)
  A demonspawn corrupter (Zig:9)
  18 ironbound preservers
  8 ironbound thunderhulks
  6 formless jellyfish
  5 draconian annihilators
  An apis (Depths:1)
  7 vampire knights
  7 deep elf demonologists
  11 green draconians
  3 war gargoyles (Crypt:3)
  9 stone giants
  7 black draconians
  An ophan (Depths:1)
  9 eleionomae
  2 demonspawn black suns (Zig:9)
  13 red draconians
  21 white draconians
  8 dire elephants
  10 yellow draconians
  8 deep elf annihilators
  A minotaur (Gauntlet)
  9 bunyips
  8 spark wasps
  7 deep elf death magi
  17 purple draconians
  5 fire dragons
  A merfolk impaler (Depths:3)
  9 eidola
  4 ettins
  3 merfolk javelineers
  A green death (D:11)
  A mummy priest (Zig:3)
  9 yaktaur captains
  7 jiangshi
  7 deep elf high priests
  11 great orbs of eyes
  10 ice dragons
  2 entropy weavers
  A peacekeeper (Vaults:3)
  4 spriggan air magi
  5 rakshasas
  Harold (D:10)
  8 salamander tyrants
  2 ghost crabs
  27 vault guards
  4 centaur warriors
  2 spriggan skeletons (Crypt:3)
  23 hydras
  8 ironbound frosthearts
  18 anacondas
  9 alligators
  An anaconda (shapeshifter) (Vaults:5)
  3 ogre magi
  A catoblepas (Lair:5)
  6 boulder beetles
  2 death knights (Crypt:2)
  A satyr (Elf:2)
  2 death scarabs (Zig:3)
  An alligator snapping turtle (Swamp:1)
  12 two-headed ogres
  7 death yaks
  8 deep troll shamans
  4 tengu warriors
  2 vampire magi
  30 dancing weapons
  2 sphinx skeletons
  14 deep troll earth magi
  10 naga warriors
  10 hell knights
  An orc high priest (Elf:3)
  17 deep elf knights
  8 naga sharpshooters
  A spriggan berserker (Depths:4)
  A soul eater (Zig:9)
  2 shock serpents (Snake:2)
  5 sun demons
  Amaemon (D:10)
  Nergalle (Lair:2)
  29 skeletal warriors
  7 salamander mystics
  2 skysharks
  A fire crab (Lair:4)
  2 sixfirhies
  10 iron trolls
  4 shadow wraiths (Crypt:2)
  A storm dragon skeleton (Crypt:2)
  10 goliath frogs
  A glowing orange brain (shapeshifter) (Vaults:5)
  An obsidian statue (Zig:1)
  2 spriggan druids
  6 glowing orange brains
  3 shadow demons
  12 flayed ghosts
  A golden dragon skeleton (Depths:2)
  60 deep trolls
  13 deep elf archers
  A harpy (Vaults:5)
  12 wizards
  14 swamp dragons
  8 bog bodies
  22 ironbound convokers
  5 lindwurms
  25 phantasmal warriors
  8 orc knights
  A death drake (Zig:10)
  11 naga ritualists
  2 tengu zombies (Depths:2)
  A mana viper (shapeshifter) (Elf:2)
  7 necromancers
  A shadow dragon skeleton (Crypt:2)
  A harpy (shapeshifter) (Lair:5)
  24 salamanders
  28 deep elf pyromancers
  7 cyclopes
  27 deep elf zephyrmancers
  10 mana vipers
  The ghost of Notanamesir the Mimic, a novice DjSh of Ru (D:7)
  2 orc sorcerers
  2 shining eyes
  5 will-o-the-wisps
  A moth of wrath (shapeshifter) (Vaults:5)
  A faun (shapeshifter) (Snake:4)
  An iron dragon skeleton (Crypt:3)
  28 moths of wrath
  12 elephants
  4 manticores
  A worldbinder (Abyss:2)
  3 ice statues (Zig:1)
  2 rust devils
  6 fire giant skeletons (Crypt:3)
  32 ugly things
  A shock serpent zombie (Crypt:1)
  15 naga magi
  A titan simulacrum (Crypt:2)
  4 guardian serpents (Snake:4)
  A torpor snail (Lair:5)
  3 smoke demons
  A water nymph (shapeshifter) (Depths:1)
  21 vault sentinels
  A naga skeleton (Crypt:3)
  5 gargoyles
  4 orange demons
  A hellion (Zig:8)
  6 centaur skeletons
  2 kobold demonologists
  An unseen horror (shapeshifter) (Zot:4)
  A torpor snail (shapeshifter) (Depths:4)
  37 black mambas
  9 cane toads
  12 freezing wraiths
  A rime drake (Lair:3)
  2 komodo dragons
  28 yaktaurs
  An unseen horror (D:12)
  An alligator snapping turtle skeleton (Crypt:2)
  3 guardian mummies (Crypt:3)
  2 ice devils
  3 red devils
  An efreet (Zig:2)
  A swamp worm zombie (Crypt:1)
  A meliai (D:9)
  2 tengu conjurers
  An unseen horror skeleton (Crypt:1)
  A yaktaur (shapeshifter) (D:15)
  11 trolls
  A harpy zombie (Crypt:2)
  A polar bear (Lair:5)
  A merfolk (Elf:2)
  A raiju (Lair:5)
  A queen bee (Lair:3)
  2 hellwings
  16 hornets
  A harpy skeleton (Crypt:3)
  A fire dragon zombie (Crypt:1)
  22 blink frogs
  5 dream sheep (Lair:5)
  9 tyrant leeches
  2 shapeshifters
  62 slime creatures
  A vampire (D:10)
  A ynoxinul (Gauntlet)
  2 jumping spiders (Vaults:4)
  An ushabti (Zig:3)
  6 flying skulls
  A slime creature (shapeshifter) (Vaults:2)
  An ettin skeleton (Crypt:3)
  7 wraiths
  10 fire dragon skeletons (Crypt:3)
  12 shadows
  13 water elementals
  Sigmund (D:3)
  19 spriggans
  41 yaks
  3 air elementals
  4 basilisks
  A wind drake zombie (Crypt:1)
  A human (shapeshifter) (D:14)
  6 wyverns
  A basilisk (shapeshifter) (Snake:4)
  2 chaos spawn (Depths:4)
  6 fire elementals
  7 golden eyes
  10 redbacks
  A steam dragon (Orc:2)
  18 vampire mosquitoes
  A glowing shapeshifter zombie (Zig:3)
  An acid dragon (D:12)
  27 swamp worms
  3 wargs
  26 water moccasins
  42 nagas
  A cane toad zombie (Crypt:2)
  A hell hound (Zig:2)
  A fire bat skeleton (Crypt:1)
  25 orc warriors
  7 swamp drakes
  A black bear (Lair:2)
  14 ogres
  5 boggarts
  5 centaurs
  6 wolves
  An elephant skeleton (Crypt:2)
  12 kobold brigands
  2 gnoll sergeants
  16 bullfrogs
  A fire crab zombie (Crypt:2)
  4 necrophages
  A scorpion (D:5)
  2 earth elementals
  8 wights
  A water moccasin zombie (Crypt:1)
  36 killer bees
  5 howler monkeys
  2 hounds
  2 jellies
  12 orc priests
  3 sleepcaps
  4 iron imps (Gauntlet)
  Ijyb (D:3)
  12 human skeletons (Vaults:4)
  2 iguanas
  A boggart skeleton (D:13)
  8 hell rats
  25 orc wizards
  6 mummies (Crypt:3)
  14 gnolls
  6 adders
  3 river rats
  A steam dragon skeleton (Crypt:2)
  3 shadow imps
  A white imp (D:5)
  3 ufetubi
  3 worms (Sewer)
  A dart slug (D:1)
  53 orcs
  5 ball pythons
  4 bats
  A bat skeleton (Crypt:2)
  8 endoplasms
  2 giant cockroaches
  8 hobgoblins
  4 jackals
  3 quokkas
  A frilled lizard (D:2)
  7 goblins
  A hobgoblin zombie (Crypt:1)
  14 kobolds
  A kobold skeleton (Crypt:2)
  7 rats
2311 creatures vanquished.

Vanquished Creatures (collateral kills)
  A dread lich (Zot:5)
  the Lernaean hydra (Swamp:4)
  Mlioglotl (Snake:4)
  Zenata (Elf:2)
  6 Orb Guardians (Zot:5)
  5 acid blobs (Slime:5)
  Donald (Swamp:1)
  A nagaraja (Snake:3)
  A deep elf demonologist (Elf:2)
  A dire elephant (Lair:5)
  A purple draconian (Zot:2)
  3 hydras
  An ogre mage (Orc:2)
  A vault guard (Vaults:5)
  A centaur warrior (D:15)
  2 two-headed ogres
  A death yak (Lair:5)
  A salamander mystic (Snake:4)
  A swamp dragon (Swamp:4)
  A deep elf pyromancer (Elf:1)
  A deep elf archer (Elf:1)
  A deep elf zephyrmancer (Elf:1)
  An ugly thing (Vaults:4)
  A moth of wrath (Zot:2)
  2 salamanders (Snake:2)
  A naga mage (Snake:4)
  3 elephants
  3 slime creatures
  A cane toad (Lair:2)
  4 black mambas
  A rime drake (Lair:5)
  2 trolls (Orc:2)
  3 hornets
  A blink frog (Lair:5)
  8 yaks
  A basilisk (Lair:3)
  2 steam dragons (D:7)
  A swamp worm (Swamp:4)
  3 nagas
  An orc warrior (Orc:2)
  A swamp drake (Swamp:4)
  7 ogres
  4 centaurs (D:15)
  A kobold brigand (D:9)
  3 killer bees (Lair:3)
  An orc wizard (Orc:2)
  2 orcs (Orc:2)
  3 kobolds (D:9)
95 creatures vanquished.

Vanquished Creatures (others)
  An Orb Guardian (Zot:5)
  2 azure jellies (Slime:5)
  A nargun (Zot:3)
  A demonspawn warmonger (Zig:8)
  A balrug (Zig:8)
  A demonspawn corrupter (Zig:8)
  A reaper (Zig:8)
  2 quicksilver oozes (Slime:5)
  A lorocyproca (Zig:8)
  A blizzard demon (Zig:9)
  4 dancing weapons
  3 two-headed ogres
  2 deep elf knights
  A naga ritualist (Snake:3)
  A manticore (D:15)
  An ugly thing (D:15)
  A cyclops (D:14)
  3 elephants (Lair:5)
  2 black mambas
  A freezing wraith (D:15)
  A rime drake (Lair:5)
  3 bloated husks
  A tyrant leech (Swamp:1)
  A spriggan (Swamp:2)
  8 yaks
  A naga (Snake:4)
  A boggart (Vaults:3)
  A large abomination (Zig:8)
  A wolf (Lair:5)
  An ogre (Orc:2)
  A centaur (D:15)
  A killer bee (D:9)
  A howler monkey (D:8)
  A gnoll bouda (D:8)
  13 ball lightnings (Zig:8)
  13 foxfires
  2 starspawn tentacles (Zig:8)
82 creatures vanquished.

Grand Total: 2488 creatures vanquished

Notes
Turn   | Place    | Note
-------+----------+-------------------------------------------
     0 | D:1      | Charly the Draconian Brigand began the quest for the Orb.
     0 | D:1      | Reached XP level 1. HP: 17/17 MP: 1/1
   185 | D:1      | Reached XP level 2. HP: 25/25 MP: 2/2
   848 | D:2      | Got a ragged book
   851 | D:2      | Learned a level 1 spell: Apportation
   917 | D:2      | Found a shadowy altar of Dithmenos.
  1069 | D:2      | Reached XP level 3. HP: 30/30 MP: 3/3
  1343 | D:3      | Noticed Sigmund
  1632 | D:3      | Noticed Ijyb
  1649 | D:3      | Killed Ijyb
  1650 | D:3      | Reached skill level 1 in Shapeshifting
  1650 | D:3      | Reached XP level 4. HP: 17/37 MP: 4/4
  1799 | D:3      | Found a bloodstained altar of Trog.
  1933 | D:3      | Found a faded altar of an unknown god.
  1937 | D:3      | Reached skill level 3 in Fighting
  2043 | D:3      | HP: 1/38 [acid (9)]
  2045 | D:3      | Reached skill level 1 in Evocations
  2304 | D:3      | Killed Sigmund
  2305 | D:3      | Reached XP level 5. HP: 45/45 MP: 5/5
  2305 | D:3      | Reached XP level 6. HP: 51/51 MP: 6/6
  2822 | D:4      | Found a shadowy altar of Dithmenos.
  3672 | D:5      | Entered Level 5 of the Dungeon
  3827 | D:5      | Noticed a water moccasin
  3852 | D:5      | Reached skill level 4 in Fighting
  3852 | D:5      | Your scales start taking on a dull iron-grey colour.
  3852 | D:5      | Reached XP level 7. HP: 51/59 MP: 7/7
  3992 | D:5      | Found a staircase to the Ecumenical Temple.
  4001 | Temple   | Entered the Ecumenical Temple
  4432 | D:5      | Found a broken altar of Ashenzari.
  4444 | D:5      | Found a hide-covered altar of Uskayaw.
  4444 | D:5      | Found a white marble altar of Elyvilon.
  4451 | D:5      | Found a shimmering altar of Xom.
  4451 | D:5      | Found a burning altar of Makhleb.
  4459 | D:5      | Became a worshipper of Xom of Chaos
  4498 | D:5      | Found an opulent altar of Gozag.
  4545 | D:6      | Found a glowing drain.
  4549 | D:5      | XOM: noise
  4594 | D:5      | Reached skill level 5 in Stealth
  4770 | D:6      | XOM: enchant monster (bad)
  4851 | Sewer    | Entered a sewer
  4873 | Sewer    | XOM: silly message
  5170 | D:6      | XOM: potion effect (curing)
  5182 | D:6      | XOM: silly message
  5191 | D:5      | Reached XP level 8. HP: 64/67 MP: 8/8
  5380 | D:6      | XOM: silly message
  5458 | D:6      | XOM: silly message
  5500 | D:6      | Found a shimmering blue altar of Sif Muna.
  5506 | D:6      | You fall into a shaft and drop 3 floors!
  5529 | D:9      | XOM: god gift: spear {god gift}
  5532 | D:9      | Found a stormy altar of Qazlal.
  5614 | D:8      | Noticed a hornet
  5629 | D:8      | Killed a hornet
  5630 | D:8      | Reached skill level 5 in Fighting
  5630 | D:8      | Reached skill level 5 in Short Blades
  5630 | D:8      | Reached skill level 5 in Evocations
  5638 | D:8      | XOM: fake destruction
  5639 | D:8      | XOM: enchant monster (good)
  5653 | D:7      | XOM: polymorph orc warrior -> bullfrog
  5659 | D:7      | Found Foigar's Overcharged Wands.
  5730 | D:7      | Reached skill level 5 in Shapeshifting
  5877 | D:7      | XOM: cloud trail
  5902 | D:7      | XOM: god gift: scroll labelled CIPLAU EDAA {god gift}
  5949 | D:7      | XOM: confuse monster(s)
  5986 | D:7      | Noticed a two-headed ogre
  5986 | D:7      | XOM: 7-stop teleportation journey
  6102 | D:7      | XOM: cast spell 'Summon Horrible Things'
  6104 | D:7      | Killed a two-headed ogre
  6105 | D:7      | Reached skill level 6 in Fighting
  6105 | D:7      | Reached XP level 9. HP: 78/78 MP: 9/9
  6446 | D:7      | Found a runed translucent gate.
  6446 | D:7      | Found a runed translucent gate.
  6446 | D:7      | Found a runed translucent gate.
  6447 | D:7      | Noticed a kobold demonologist
  6458 | D:7      | Noticed Notanamesir's ghost (novice DjSh)
  6684 | D:8      | XOM: divine lightning
  6806 | D:8      | Found Heroeth's Weapon Boutique.
  6813 | D:8      | Noticed a two-headed ogre
  6816 | D:8      | Killed a two-headed ogre
  6817 | D:8      | Reached skill level 7 in Fighting
  6920 | D:8      | Found a snail-covered altar of Cheibriados.
  6976 | D:8      | XOM: confusion (+ monsters)
  7075 | D:8      | XOM: cast spell 'Chain of Chaos'
  7084 | D:8      | XOM: smoke on damage
  7104 | D:8      | XOM: summons friendly white imp
  7119 | D:8      | XOM: blink monster(s)
  7240 | D:8      | Found an iron altar of Okawaru.
  7555 | D:9      | Noticed a two-headed ogre
  7578 | D:9      | Killed a two-headed ogre
  7579 | D:9      | Reached XP level 10. HP: 88/88 MP: 10/10
  7579 | D:9      | XOM: summons friendly quasit
  7586 | D:9      | XOM: noise
  7587 | D:9      | XOM: summons 1 friendly demon
  7701 | D:9      | Reached skill level 8 in Fighting
  7858 | D:9      | Found a glowing golden altar of the Shining One.
  7974 | D:9      | Found a sacrificial altar of Ru.
  7997 | D:9      | XOM: smoke on damage
  8031 | D:9      | XOM: give mutations
  8031 | D:9      | Gained mutation: You have supernaturally acute eyesight.
                  | (SInv) [Xom's grace]
  8031 | D:9      | Gained mutation: You passively map a small area around you.
                  | [Xom's grace]
  8031 | D:9      | Gained mutation: Your tail ends in a venomous barb. [Xom's
                  | grace]
  8031 | D:9      | Gained mutation: You have sharp toenails. [Xom's grace]
  8433 | D:9      | XOM: scenery: 1 doors close
  8443 | D:9      | XOM: noise
  8521 | D:9      | XOM: god gift: +0 pair of gloves of stealth
  8533 | D:9      | XOM: potion effect (berserk rage)
  8627 | D:9      | XOM: scenery: summon butterflies
  8645 | D:9      | XOM: divination: detect items
  8721 | D:9      | XOM: scenery: summon butterflies
  8903 | D:10     | Entered Level 10 of the Dungeon
  8973 | D:10     | Found a sparkling altar of Nemelex Xobeh.
  9023 | D:10     | XOM: cloud trail
  9033 | D:10     | XOM: destruction
  9049 | D:10     | Reached XP level 11. HP: 94/95 MP: 11/11
  9057 | D:10     | Reached skill level 9 in Fighting
  9068 | D:10     | XOM: noise
  9138 | D:10     | Found a transporter.
  9148 | D:10     | XOM: enchant monster (bad)
  9208 | D:10     | Noticed Gastronok
  9224 | D:10     | Reached skill level 10 in Shapeshifting
  9326 | D:10     | Killed Gastronok
  9363 | D:10     | Found a transporter.
  9472 | D:10     | Found a staircase to the Lair.
  9479 | D:10     | Found a transporter.
  9495 | D:10     | Noticed a two-headed ogre
  9497 | D:10     | Found a transporter.
  9504 | D:10     | Killed a two-headed ogre
  9520 | D:10     | Noticed Amaemon
  9636 | D:10     | Upgraded the game from 0.31-a0-859-g9dce7d3444 to
                  | 0.31-a0-865-g3d5d91748a
  9642 | D:10     | XOM: confuse monster(s)
  9645 | D:10     | Noticed Harold
  9652 | D:10     | Killed Amaemon
  9661 | D:10     | Killed Harold
  9755 | D:10     | Found an ancient bone altar of Kikubaaqudgha.
  9812 | D:10     | Found Niapesta's Antique Weapon Shop.
 10126 | D:10     | Noticed a two-headed ogre
 10144 | D:10     | Killed a two-headed ogre
 10201 | D:11     | Reached skill level 10 in Short Blades
 10227 | D:11     | Learned a level 2 spell: Wereblood
 10265 | D:11     | Noticed a two-headed ogre
 10268 | D:11     | XOM: 1-stop teleportation journey
 10287 | D:11     | Killed a two-headed ogre
 10288 | D:11     | Reached skill level 1 in Dodging
 10343 | D:11     | Found Xegaluwew's Gadget Gallery.
 10455 | D:11     | Noticed a boulder beetle
 10460 | D:11     | XOM: cleaving
 10474 | D:11     | XOM: summons 6 hostile demons
 10475 | D:11     | Noticed a soul eater
 10485 | D:11     | XOM: 4-stop teleportation journey
 10607 | D:11     | Killed a boulder beetle
 10608 | D:11     | Reached skill level 10 in Fighting
 10701 | D:11     | Found a staircase to the Orcish Mines.
 10801 | D:11     | Reached XP level 12. HP: 106/106 MP: 12/12
 10852 | D:11     | Bought a box of beasts for 480 gold pieces
 10968 | D:11     | XOM: summons 3 hostile demons
 11125 | Lair:1   | Entered Level 1 of the Lair of Beasts
 11628 | Lair:1   | XOM: swap monsters
 11684 | Lair:1   | XOM: give mutation
 11684 | Lair:1   | Gained mutation: You are clumsy. (Dex -2) [Xom's mischief]
 11737 | Lair:1   | XOM: god gift: 26 gold pieces
 12153 | Lair:2   | XOM: summons friendly iron imp
 12161 | Lair:2   | XOM: confuse monster(s)
 12188 | Lair:2   | XOM: god gift: wand of polymorph (6)
 12319 | Lair:2   | XOM: polymorph iron imp -> white imp
 12334 | Lair:2   | XOM: give mutations
 12334 | Lair:2   | Gained mutation: Your muscles are strong. (Str +4, Int/Dex
                  | -1) [Xom's grace]
 12334 | Lair:2   | Gained mutation: Your tail ends in a sharp venomous barb.
                  | [Xom's grace]
 12427 | Lair:2   | Noticed a six-headed hydra
 12433 | Lair:2   | XOM: noise
 12439 | Lair:2   | XOM: divination: detect creatures
 12442 | Lair:2   | Killed a six-headed hydra
 12580 | Lair:2   | Noticed Nergalle
 12589 | Lair:2   | Reached skill level 11 in Fighting
 12593 | Lair:2   | XOM: divination: detect items
 12597 | Lair:2   | Killed Nergalle
 12956 | Lair:3   | Noticed a six-headed hydra
 12964 | Lair:3   | XOM: cast spell 'Summon Small Mammal'
 12974 | Lair:3   | Killed a six-headed hydra
 12979 | Lair:3   | XOM: cast spell 'Summon Cactus Giant'
 13164 | Lair:3   | XOM: summons 7 hostile demons
 13204 | Lair:3   | Reached XP level 13. HP: 50/116 MP: 13/13
 13428 | Lair:3   | XOM: give mutations
 13428 | Lair:3   | Gained mutation: You passively map the area around you.
                  | [Xom's mischief]
 13428 | Lair:3   | Lost mutation: You passively map the area around you.
                  | [Xom's mischief]
 13428 | Lair:3   | Lost mutation: You are clumsy. (Dex -2) [Xom's mischief]
 13428 | Lair:3   | Lost mutation: Your muscles are strong. (Str +4, Int/Dex
                  | -1) [Xom's mischief]
 13430 | Lair:3   | XOM: blink monster(s)
 13439 | Lair:3   | XOM: smoke on damage
 13450 | Lair:3   | XOM: blink monster(s)
 13534 | Lair:3   | XOM: swap monsters
 13793 | Lair:3   | Reached skill level 5 in Dodging
 13883 | Lair:3   | XOM: give mutations
 13883 | Lair:3   | Gained mutation: You have a beak for a mouth. [Xom's
                  | mischief]
 13883 | Lair:3   | Lost mutation: You have a beak for a mouth. [Xom's
                  | mischief]
 13883 | Lair:3   | Gained mutation: Your body sometimes deteriorates upon
                  | taking damage. [Xom's mischief]
 14060 | Lair:3   | XOM: summons 3 hostile shadow creatures
 14212 | Lair:3   | XOM: 2-stop teleportation journey
 14235 | Lair:3   | XOM: summons 1 hostile demon
 14278 | Lair:3   | Found a staircase to the Snake Pit.
 14341 | Lair:3   | Found a staircase to the Swamp.
 14440 | Lair:3   | XOM: blink monster(s)
 14466 | Lair:3   | XOM: swap monsters
 14545 | Lair:3   | XOM: summons 7 hostile demons
 14855 | Lair:3   | XOM: 3-stop teleportation journey
 14960 | Lair:3   | XOM: noise
 15101 | Lair:4   | XOM: confusion (+ monsters)
 15262 | Lair:4   | XOM: stat loss: -1 Str (19/20)
 15306 | Lair:4   | XOM: confusion
 15325 | Lair:4   | XOM: god gift: 5 gold pieces
 15639 | Lair:4   | XOM: divine lightning
 15726 | Lair:4   | XOM: scenery: 1 doors open
 15859 | Lair:4   | XOM: fake destruction
 15891 | Lair:4   | Reached skill level 12 in Fighting
 15981 | Lair:4   | Found a staircase to the Slime Pits.
 16057 | Lair:4   | XOM: summons friendly quasit
 16117 | Lair:4   | Identified the +3 pair of gloves "Osiguesm" {Regen+ Str+5}
 16133 | Lair:4   | XOM: polymorph quasit -> lemure
 16208 | Lair:4   | XOM: summons 1 hostile shadow creature
 16287 | Lair:5   | Entered Level 5 of the Lair of Beasts
 16305 | Lair:5   | XOM: stat loss: -1 Str (24/25)
 16306 | Lair:5   | XOM: polymorph komodo dragon -> raiju
 16317 | Lair:5   | XOM: potion effect (brilliance)
 16493 | Lair:5   | XOM: silly message
 16678 | Lair:5   | Reached XP level 14. HP: 122/127 MP: 14/14
 16732 | Lair:5   | XOM: smoke on damage
 16918 | Lair:5   | Reached skill level 10 in Stealth
 16931 | Lair:5   | XOM: enchant monster (good)
 16952 | Lair:5   | XOM: polymorph dream sheep -> shapeshifter
 17243 | Lair:5   | XOM: potion effect (invisibility)
 17253 | Lair:5   | Reached skill level 13 in Fighting
 17301 | Lair:5   | Identified a scroll of acquirement
 17321 | Lair:5   | Acquired 955 gold pieces
 17504 | D:10     | XOM: summons 2 hostile shadow creatures
 17553 | D:11     | Bought a tin of tremorstones (2/2) for 480 gold pieces
 17553 | D:11     | Bought a lightning rod (4/4) for 480 gold pieces
 17553 | D:11     | Bought a phantom mirror for 480 gold pieces
 17581 | D:11     | XOM: god gift: 33 gold pieces
 17761 | D:12     | Identified the +2 quarterstaff of Woe {protect, *Rage rF+
                  | Int+3 SInv}
 17859 | D:12     | XOM: noise
 17861 | D:12     | XOM: scenery: 1 doors close
 17932 | D:12     | Found a bloodstained altar of Trog.
 18047 | D:12     | Found Zukoheo's Jewellery Boutique.
 18243 | D:13     | Reached skill level 10 in Evocations
 18265 | D:13     | XOM: cast spell 'Call Canine Familiar'
 18337 | D:13     | XOM: potion effect (attraction)
 18463 | D:13     | XOM: 5-stop teleportation journey
 18517 | D:13     | XOM: divination: detect creatures
 18581 | D:13     | XOM: silly message
 18737 | D:13     | Found a gate to the Vaults.
 18911 | D:14     | Noticed Roxanne
 18942 | D:14     | XOM: divination: detect items
 18988 | D:14     | Killed Roxanne
 19246 | D:14     | Reached XP level 15. HP: 137/137 MP: 15/15
 19295 | D:14     | XOM: silly message
 19338 | D:14     | XOM: scenery: create altars
 19608 | D:15     | Entered Level 15 of the Dungeon
 19667 | D:15     | XOM: noise
 19674 | D:15     | XOM: summons 2 friendly demons
 19680 | D:15     | Reached skill level 14 in Fighting
 19692 | D:15     | XOM: noise
 19752 | D:15     | Found an opulent altar of Gozag.
 19764 | D:15     | Found a gate leading to a gauntlet.
 19773 | Gauntlet | Entered a Gauntlet
 19773 | Gauntlet | Found a transporter.
 19792 | Gauntlet | Found a transporter.
 19797 | Gauntlet | Found a transporter.
 19802 | Gauntlet | Found a transporter.
 19805 | Gauntlet | XOM: silly message
 19819 | Gauntlet | Found a transporter.
 19837 | Gauntlet | Found a transporter.
 19849 | Gauntlet | Found a transporter.
 19861 | Gauntlet | Found a transporter.
 19873 | Gauntlet | Found a transporter.
 19885 | Gauntlet | Found a transporter.
 19902 | Gauntlet | Found a transporter.
 19920 | Gauntlet | Found a transporter.
 19922 | Gauntlet | Found a transporter.
 19947 | Gauntlet | Found a transporter.
 19949 | Gauntlet | Found a transporter.
 19969 | Gauntlet | Found a transporter.
 20047 | Gauntlet | Found a transporter.
 20067 | Gauntlet | Found a transporter.
 20211 | Gauntlet | XOM: divination: magic mapping
 20321 | Gauntlet | Learned a level 2 spell: Blink
 20324 | Gauntlet | Learned a level 2 spell: Lesser Beckoning
 20370 | D:15     | Learned a level 3 spell: Swiftness
 20372 | D:15     | Found Wuegefov's General Store.
 20378 | D:15     | Bought a scroll of teleportation for 54 gold pieces
 20378 | D:15     | Bought a potion of heal wounds for 90 gold pieces
 20529 | D:15     | XOM: 1-stop teleportation journey
 20630 | D:15     | XOM: 1-stop teleportation journey
 20650 | D:15     | Found a staircase to the Depths.
 20842 | D:15     | XOM: cloud trail
 21071 | D:15     | XOM: give mutations
 21071 | D:15     | Gained mutation: You have an increased reservoir of magic.
                  | (+10% MP) [Xom's grace]
 21071 | D:15     | Gained mutation: Your flesh is heat resistant. (rF+) [Xom's
                  | grace]
 21188 | D:11     | XOM: 1-stop teleportation journey
 21279 | D:7      | Killed Notanamesir's ghost
 21334 | D:7      | Identified the +6 hand axe of the Valley of Death {heavy,
                  | rN+ Dex+4}
 21461 | Orc:1    | Entered Level 1 of the Orcish Mines
 21539 | Orc:1    | XOM: smoke on damage
 21561 | Orc:1    | XOM: enchant monster (good)
 21563 | Orc:1    | XOM: smoke on damage
 21577 | Orc:1    | XOM: scenery: create altars
 21707 | Orc:2    | Entered Level 2 of the Orcish Mines
 21761 | Orc:2    | XOM: chaos cloud
 21776 | Orc:2    | XOM: cast spell 'Summon Mana Viper'
 21801 | Orc:2    | XOM: enchant monster (bad)
 21876 | Orc:1    | XOM: enchant monster (good)
 21890 | Orc:1    | XOM: potion effect (berserk rage)
 21897 | Orc:1    | XOM: cast spell 'Summon Ice Beast'
 21898 | Orc:1    | XOM: enchant monster (good)
 22293 | Orc:2    | Found a staircase to the Elven Halls.
 22325 | Orc:2    | Found Heca's Book Boutique.
 22326 | Orc:2    | XOM: cast spell 'Summon Cactus Giant'
 22333 | Orc:2    | XOM: swap monsters
 22337 | Orc:2    | XOM: polymorph ogre -> naga
 22341 | Orc:2    | XOM: silly message
 22363 | Orc:2    | XOM: swap monsters
 22367 | Orc:2    | XOM: blink monster(s)
 22370 | Orc:2    | XOM: confusion
 22399 | Orc:2    | XOM: blink monster(s)
 22410 | Orc:2    | XOM: cast spell 'Summon Horrible Things'
 22446 | Orc:2    | Found Tuack's Distillery.
 22446 | Orc:2    | Found Uthrui's Weapon Shoppe.
 22447 | Orc:2    | Found Qebi's Armour Emporium.
 22495 | Orc:2    | XOM: draining
 22625 | D:12     | Bought a +4 ring of slaying for 1170 gold pieces
 22665 | D:11     | XOM: give mutation
 22665 | D:11     | Lost mutation: Your flesh is heat resistant. (rF+) [Xom's
                  | mischief]
 22723 | Orc:2    | Bought a potion of berserk rage for 70 gold pieces
 22723 | Orc:2    | Bought a potion of curing for 42 gold pieces
 22891 | Snake:1  | Entered Level 1 of the Snake Pit
 22949 | Snake:1  | Found a shimmering altar of Xom.
 23040 | Snake:1  | Reached skill level 15 in Fighting
 23139 | Snake:1  | XOM: blink monster(s)
 23148 | Snake:1  | Reached skill level 10 in Dodging
 23286 | Snake:1  | XOM: summons 1 hostile shadow creature
 23372 | Snake:1  | XOM: summons 4 friendly demons
 23373 | Snake:1  | XOM: blink monster(s)
 23376 | Snake:1  | Reached XP level 16. HP: 119/149 MP: 17/17
 23385 | Snake:1  | XOM: noise
 23439 | Snake:1  | XOM: potion effect (curing)
 23443 | Snake:1  | XOM: confuse monster(s)
 23455 | Snake:1  | XOM: silly message
 23456 | Snake:1  | XOM: cast spell 'Summon Ice Beast'
 23664 | Snake:1  | XOM: silly message
 23727 | Snake:1  | Found Zemil's Magic Scroll Shoppe.
 23778 | Snake:1  | Found Hara's Magic Scroll Emporium.
 23778 | Snake:1  | Found Souhe's Assorted Antiques.
 23792 | Snake:1  | Bought a knobbly golden ring for 85 gold pieces
 23803 | Snake:1  | Found Soliesm's Weapon Emporium.
 23861 | Snake:1  | XOM: noise
 24108 | Snake:1  | XOM: noise
 24321 | Snake:1  | XOM: god gift: potion of lignification
 24415 | Snake:2  | Found a shimmering altar of Xom.
 24437 | Snake:2  | Identified the ring of Haevic {rC+ Str-2 Dex+3 SInv}
 24454 | Snake:2  | XOM: destruction
 24613 | Snake:2  | XOM: enchant monster (good)
 24617 | Snake:2  | XOM: summons friendly smoke demon
 24644 | Snake:2  | XOM: destruction
 24648 | Snake:2  | XOM: summons friendly white imp
 24656 | Snake:2  | XOM: enchant monster (good)
 24827 | Snake:2  | XOM: cloud trail
 24973 | Snake:2  | XOM: scenery: create altars
 25033 | Snake:2  | XOM: enchant monster (good)
 25080 | Snake:2  | XOM: scenery: create altars
 25091 | Snake:3  | XOM: enchant monster (good)
 25113 | Snake:3  | XOM: smoke on damage
 25214 | Snake:3  | XOM: 4-stop teleportation journey
 25249 | Snake:3  | XOM: 2-stop teleportation journey
 25263 | Snake:3  | XOM: god gift: scroll of noise
 25378 | Snake:3  | XOM: enchant monster (good)
 25482 | Snake:3  | XOM: scenery: 2 doors close
 25512 | Snake:3  | XOM: confuse monster(s)
 25520 | Snake:3  | XOM: confuse monster(s)
 25526 | Snake:3  | Reached skill level 16 in Fighting
 25586 | Snake:3  | XOM: silly message
 25618 | Snake:3  | XOM: swap monsters
 25687 | Snake:3  | XOM: enchant monster (bad)
 25753 | Snake:3  | Reached skill level 15 in Shapeshifting
 25957 | Snake:4  | Entered Level 4 of the Snake Pit
 26011 | Snake:4  | XOM: polymorph shock serpent -> slime creature
 26030 | Snake:4  | XOM: summons 4 hostile demons
 26189 | Snake:4  | Found Voizic's Assorted Antiques.
 26190 | Snake:4  | Found Zonaguneof's Magic Scroll Emporium.
 26194 | Snake:4  | Found Mirr's Book Shoppe.
 26199 | Snake:4  | Noticed Aizul
 26200 | Snake:4  | XOM: enchant monster (good)
 26201 | Snake:4  | XOM: enchant monster (bad)
 26205 | Snake:4  | Reached XP level 17. HP: 159/159 MP: 18/18
 26222 | Snake:4  | Killed Aizul
 26312 | Snake:4  | XOM: polymorph naga warrior -> glowing shapeshifter
 26337 | Snake:4  | Bought a scroll of teleportation for 36 gold pieces
 26337 | Snake:4  | Bought a scroll of teleportation for 36 gold pieces
 26340 | Snake:4  | Bought a scorched iron ring for 170 gold pieces
 26340 | Snake:4  | Identified the ring "Vixkyrpho" {rF- rCorr Str+6 Dex+7}
                  | (You bought it in a shop on level 4 of the Snake Pit)
 26411 | Snake:4  | XOM: destruction
 26418 | Snake:4  | XOM: fake destruction
 26486 | Snake:4  | XOM: summons 9 friendly demons
 26598 | Snake:4  | XOM: smoke on damage
 26607 | Snake:4  | XOM: cleaving
 26731 | Snake:4  | Noticed Mlioglotl
 26738 | Snake:4  | XOM: 1-stop teleportation journey
 26929 | Snake:4  | XOM: snakes to sticks
 27085 | Snake:4  | XOM: polymorph salamander -> yaktaur
 27208 | Snake:4  | XOM: divination: detect items
 27251 | Snake:4  | XOM: cloud trail
 27286 | Snake:4  | XOM: enchant monster (good)
 27295 | Snake:4  | Killed Mlioglotl
 27647 | Snake:4  | XOM: summons friendly ufetubus
 27665 | Snake:4  | Reached skill level 17 in Fighting
 27696 | Snake:4  | XOM: summons 1 hostile demon
 27707 | Snake:4  | XOM: divination: magic mapping
 27860 | Snake:4  | Got a serpentine rune of Zot
 27860 | Snake:4  | XOM: give mutation
 27860 | Snake:4  | Gained mutation: You do not regenerate when monsters are
                  | visible. [Xom's mischief]
 27895 | Snake:4  | XOM: noise
 27934 | Snake:4  | XOM: summons 1 hostile shadow creature
 28255 | Elf:1    | Entered Level 1 of the Elven Halls
 28272 | Elf:1    | Reached skill level 1 in Shields
 28283 | Elf:1    | XOM: 1-stop teleportation journey
 28322 | Elf:1    | XOM: potion effect (invisibility)
 28433 | Elf:1    | XOM: summons friendly white imp
 28793 | Elf:1    | XOM: give mutations
 28793 | Elf:1    | Gained mutation: Your mind is acute. (Int +4, Str/Dex -1)
                  | [Xom's mischief]
 28793 | Elf:1    | Lost mutation: You have supernaturally acute eyesight.
                  | (SInv) [Xom's mischief]
 28806 | Elf:1    | Paralysed by an air elemental for 1 turns
 28857 | Elf:1    | Got a decrepit book
 28952 | Elf:1    | XOM: cloud trail
 29199 | Elf:1    | XOM: draining
 29233 | Elf:2    | XOM: give mutation
 29233 | Elf:2    | Lost mutation: You have an increased reservoir of magic.
                  | (+10% MP) [Xom's mischief]
 29240 | Elf:2    | Reached XP level 18. HP: 151/152 MP: 18/18
 29271 | Elf:2    | Noticed a Brimstone Fiend
 29277 | Elf:2    | Noticed Nikola
 29318 | Elf:1    | XOM: summons 2 hostile demons
 29382 | Elf:1    | Lost mutation: You have sharp toenails. [potion of
                  | mutation]
 29382 | Elf:1    | Lost mutation: You do not regenerate when monsters are
                  | visible. [potion of mutation]
 29382 | Elf:1    | Lost mutation: Your mind is acute. (Int +4, Str/Dex -1)
                  | [potion of mutation]
 29382 | Elf:1    | Gained mutation: Your skin changes colour to match your
                  | surroundings (Stealth+). [potion of mutation]
 29382 | Elf:1    | Gained mutation: Your spells are a little harder to cast,
                  | but a little more powerful. [potion of mutation]
 29387 | Elf:2    | Reached skill level 5 in Shields
 29449 | Elf:2    | Paralysed by an air elemental for 1 turns
 29543 | Elf:2    | Identified the +6 dagger "Afismitung" {flame, rPois Will+
                  | Str+2}
 29560 | Elf:2    | Killed Nikola
 29704 | Elf:2    | Noticed Zenata
 29715 | Elf:2    | XOM: confusion
 29733 | Elf:2    | Killed Zenata
 29748 | Elf:2    | Found a huge runed translucent gate.
 29748 | Elf:2    | Found a huge runed translucent gate.
 29749 | Elf:2    | Found a huge runed translucent gate.
 29750 | Elf:2    | Found a huge runed translucent gate.
 29752 | Elf:2    | Found a huge runed translucent gate.
 29858 | Elf:2    | XOM: cloud trail
 29894 | Elf:2    | XOM: polymorph deep elf knight -> satyr
 30039 | Elf:2    | Found Gatecwoon's Jewellery Emporium.
 30215 | Elf:2    | XOM: stat loss: -1 Dex (20/21)
 30216 | Elf:2    | XOM: give mutation
 30216 | Elf:2    | Gained mutation: You are weak. (Str -2) [Xom's mischief]
 30232 | Elf:2    | XOM: give mutations
 30232 | Elf:2    | Gained mutation: You have hidden genetic defects. [Xom's
                  | mischief]
 30232 | Elf:2    | Gained mutation: You sometimes lose your temper in combat.
                  | [Xom's mischief]
 30232 | Elf:2    | Lost mutation: Your tail ends in a sharp venomous barb.
                  | [Xom's mischief]
 30318 | Elf:2    | XOM: scenery: create altars
 30324 | Elf:2    | XOM: swap monsters
 30362 | Elf:2    | XOM: confusion
 30372 | Elf:2    | XOM: chaos upgrade
 30444 | Elf:2    | XOM: chaos cloud
 30449 | Elf:2    | Paralysed by you for 5 turns
 30457 | Elf:2    | XOM: chaos upgrade
 30466 | Elf:2    | XOM: polymorph deep elf pyromancer -> merfolk
 31007 | Swamp:1  | Entered Level 1 of the Swamp
 31043 | Swamp:1  | Reached skill level 15 in Evocations
 31072 | Swamp:1  | XOM: polymorph eleionoma -> alligator snapping turtle
 31080 | Swamp:1  | XOM: noise
 31081 | Swamp:1  | XOM: enchant monster (bad)
 31113 | Swamp:1  | Gained mutation: You have an uncontrollable temper. [hidden
                  | defects]
 31238 | Swamp:1  | Reached skill level 18 in Fighting
 31349 | Swamp:1  | XOM: smoke on damage
 31351 | Swamp:1  | Noticed Donald
 31368 | Swamp:1  | Killed Donald
 31551 | Swamp:1  | You fall into a shaft and drop 1 floor!
 31552 | Swamp:2  | XOM: blink monster(s)
 31557 | Swamp:2  | XOM: chaos upgrade
 31563 | Swamp:2  | XOM: noise
 31587 | Swamp:2  | XOM: noise
 31590 | Swamp:2  | XOM: chaos cloud
 31593 | Swamp:2  | XOM: chaos cloud
 31659 | Swamp:2  | XOM: summons 4 hostile shadow creatures
 31726 | Swamp:2  | XOM: scenery: create altars
 31788 | Swamp:1  | XOM: give mutations
 31788 | Swamp:1  | Gained mutation: You are robust. (+10% HP) [Xom's mischief]
 31788 | Swamp:1  | Lost mutation: Your tail ends in a venomous barb. [Xom's
                  | mischief]
 32115 | Swamp:2  | XOM: 1-stop teleportation journey
 32255 | Swamp:2  | XOM: summons 4 hostile demons
 32328 | Swamp:2  | Lost mutation: You are robust. (+10% HP) [hidden defects]
 32328 | Swamp:2  | Lost mutation: You have hidden genetic defects. [hidden
                  | defects expressed]
 32433 | Swamp:2  | XOM: give mutation
 32433 | Swamp:2  | Gained mutation: Your body often deteriorates upon taking
                  | damage. [Xom's mischief]
 32527 | Swamp:3  | XOM: noise
 32537 | Swamp:3  | XOM: repel stairs
 32670 | Swamp:3  | XOM: swap monsters
 32683 | Swamp:3  | XOM: draining
 32761 | Swamp:3  | Identified the +0 helmet of Marbles {Int+5}
 32940 | Swamp:3  | Reached XP level 19. HP: 165/165 MP: 19/19
 33139 | Swamp:4  | Entered Level 4 of the Swamp
 33203 | Swamp:4  | XOM: 1-stop teleportation journey
 33285 | Swamp:4  | XOM: give mutations
 33285 | Swamp:4  | Lost mutation: Your skin changes colour to match your
                  | surroundings (Stealth+). [Xom's mischief]
 33285 | Swamp:4  | Gained mutation: You are agile. (Dex +4, Str/Int -1) [Xom's
                  | mischief]
 33289 | Swamp:4  | XOM: potion effect (haste)
 33578 | Swamp:4  | XOM: divination: detect creatures
 33709 | Swamp:4  | XOM: divination: detect creatures
 33729 | Swamp:4  | XOM: potion effect (brilliance)
 33732 | Swamp:4  | Noticed the 27-headed Lernaean hydra
 33733 | Swamp:4  | Killed the 27-headed Lernaean hydra
 33832 | Swamp:4  | Got a decaying rune of Zot
 34110 | Snake:1  | Bought a scroll of teleportation for 48 gold pieces
 34110 | Snake:1  | Bought a scroll of blinking for 120 gold pieces
 34110 | Snake:1  | Bought 3 scrolls of vulnerability for 192 gold pieces
 34111 | Snake:1  | Bought a scroll of enchant armour for 120 gold pieces
 34134 | Snake:1  | Bought a potion of curing for 51 gold pieces
 34134 | Snake:1  | Bought a scroll of butterflies for 68 gold pieces
 34396 | Elf:3    | Entered Level 3 of the Elven Halls
 34483 | Elf:3    | XOM: confuse monster(s)
 34486 | Elf:3    | XOM: potion effect (attraction)
 34595 | Elf:3    | Identified the +7 flail of Evil {drain, rElec rF+ Str-2
                  | Dex+2}
 34768 | Elf:3    | XOM: potion effect (haste)
 35252 | Elf:3    | Identified the ring "Ismuggawn" {Will+ rCorr Int+4}
 35313 | Elf:3    | Reached skill level 19 in Fighting
 35319 | Elf:3    | XOM: noise
 35328 | Elf:3    | Identified the amulet "Wuar" {Reflect rPois rF- Str+2 SH+5}
 35331 | Elf:3    | XOM: cast spell 'Summon Cactus Giant'
 35346 | Elf:3    | XOM: silly message
 35363 | Elf:3    | Reached skill level 10 in Shields
 35392 | Elf:3    | Identified the ring of Mistrust {Drain Fly rElec rCorr
                  | Str+6}
 35433 | Elf:3    | XOM: summons friendly ufetubus
 35511 | Elf:3    | Got a worn book
 35514 | Elf:3    | Identified the staff "Ozoriemm" {rF+ Int+3 Fire}
 35517 | Elf:3    | Got a vellum book
 35793 | Elf:3    | XOM: summons 4 hostile demons
 36399 | Vaults:1 | Entered Level 1 of the Vaults
 36434 | Vaults:1 | XOM: silly message
 36493 | Vaults:1 | XOM: 4-stop teleportation journey
 36577 | Vaults:1 | XOM: enchant monster (bad)
 36705 | Vaults:1 | Found Guots's Magic Scroll Emporium.
 36727 | Vaults:1 | Bought a scroll of enchant armour for 120 gold pieces
 36727 | Vaults:1 | Bought a scroll of fear for 64 gold pieces
 36727 | Vaults:1 | Bought a scroll of teleportation for 48 gold pieces
 36727 | Vaults:1 | Bought a scroll of teleportation for 48 gold pieces
 36727 | Vaults:1 | Bought a scroll of fog for 64 gold pieces
 36856 | Vaults:1 | XOM: 5-stop teleportation journey
 37418 | Vaults:2 | XOM: summons 2 hostile shadow creatures
 37601 | Vaults:2 | Reached XP level 20. HP: 182/191 MP: 20/20
 37666 | Vaults:2 | XOM: 1-stop teleportation journey
 37687 | Vaults:2 | XOM: fog
 37741 | Vaults:2 | Paralysed by a formless jellyfish for 1 turns
 37864 | Vaults:2 | Found Tyalo's Assorted Antiques.
 37867 | Vaults:2 | Bought a scroll of teleportation for 90 gold pieces
 38040 | Vaults:2 | XOM: summons 6 hostile demons
 38093 | Vaults:2 | XOM: silly message
 38192 | Vaults:2 | XOM: scenery: 2 doors open, 1 doors close
 38219 | Vaults:2 | XOM: noise
 38235 | Abyss:2  | Cast into level 2 of the Abyss (a wizard)
 38299 | Abyss:2  | Found a corrupted altar of Lugonu.
 38325 | Vaults:2 | Escaped the Abyss
 38466 | Vaults:2 | XOM: 2-stop teleportation journey
 38472 | Vaults:2 | XOM: scenery: create altars
 38482 | Vaults:2 | XOM: draining
 38649 | Vaults:2 | XOM: summons 11 hostile demons
 38652 | Vaults:2 | XOM: confusion
 38654 | Vaults:2 | XOM: swap monsters
 38937 | Vaults:2 | Noticed Frederick
 38947 | Vaults:2 | Killed Frederick
 39209 | Vaults:3 | XOM: silly message
 39284 | Vaults:3 | Found a staircase to the Crypt.
 39658 | Vaults:3 | XOM: destruction
 39661 | Vaults:3 | XOM: divination: magic mapping
 39803 | Vaults:3 | Reached skill level 20 in Fighting
 40104 | Vaults:3 | Identified the ring "Qoyhot" {rPois Dex+3}
 40159 | Vaults:3 | Identified the +7 mace of Geduori {holy, *Corrode rElec
                  | Int+4}
 40190 | Vaults:3 | XOM: give mutations
 40190 | Vaults:3 | Gained mutation: You have sharp toenails. [Xom's grace]
 40190 | Vaults:3 | Gained mutation: You have a pair of small antennae on your
                  | head. [Xom's grace]
 40223 | Vaults:3 | Identified the staff of the Lair of Beasts {rC+ rN++ Dex+2
                  | SInv Ice}
 40318 | Vaults:3 | XOM: god gift: 40 gold pieces
 40345 | Vaults:3 | XOM: cloud trail
 40375 | Vaults:3 | XOM: give mutations
 40375 | Vaults:3 | Lost mutation: You have sharp toenails. [Xom's grace]
 40375 | Vaults:3 | Gained mutation: You have large cloven feet. [Xom's grace]
 40375 | Vaults:3 | Gained mutation: You are covered in fur. (AC +1) [Xom's
                  | grace]
 40375 | Vaults:3 | Gained mutation: You are very agile. (Dex +8, Str/Int -2)
                  | [Xom's grace]
 40375 | Vaults:3 | Gained mutation: Your spells are harder to cast, but more
                  | powerful. [Xom's grace]
 40445 | Vaults:4 | Reached XP level 21. HP: 194/201 MP: 21/21
 40513 | Vaults:4 | Found a magical portal.
 40522 | WizLab   | Entered The Roulette of Golubria
 40522 | WizLab   | Found a transporter.
 40689 | Vaults:4 | XOM: cleaving
 40692 | Vaults:4 | XOM: give mutations
 40692 | Vaults:4 | Gained mutation: You are vulnerable to cold. (rC-) [Xom's
                  | mischief]
 40692 | Vaults:4 | Lost mutation: You passively map a small area around you.
                  | [Xom's mischief]
 40880 | Vaults:4 | XOM: confusion
 41038 | Vaults:4 | XOM: torment (102/201 hp)
 41108 | Vaults:4 | XOM: noise
 41176 | Vaults:4 | XOM: chaos upgrade
 41401 | Vaults:4 | Found a portal to a secret trove of treasure.
 41472 | Vaults:4 | XOM: stat loss: -1 Str (14/15)
 41591 | Vaults:2 | XOM: summons 4 hostile shadow creatures
 41638 | Vaults:2 | XOM: god gift: pair of glowing boots {god gift}
 41773 | Depths:1 | Entered Level 1 of the Depths
 41784 | Depths:1 | XOM: polymorph spriggan air mage -> glowing shapeshifter
 41793 | Depths:1 | XOM: confusion (+ monsters)
 41901 | D:15     | Lost mutation: You have a pair of small antennae on your
                  | head. [potion of mutation]
 41901 | D:15     | Lost mutation: You are covered in fur. (AC +1) [potion of
                  | mutation]
 41901 | D:15     | Lost mutation: You have large cloven feet. [potion of
                  | mutation]
 41901 | D:15     | Lost mutation: Your spells are harder to cast, but more
                  | powerful. [potion of mutation]
 41902 | D:15     | Lost mutation: Your spells are a little harder to cast, but
                  | a little more powerful. [potion of mutation]
 41902 | D:15     | Lost mutation: You are very agile. (Dex +8, Str/Int -2)
                  | [potion of mutation]
 41902 | D:15     | Lost mutation: You are weak. (Str -2) [potion of mutation]
 41902 | D:15     | Gained mutation: You are frail. (-10% HP) [potion of
                  | mutation]
 41902 | D:15     | Lost mutation: You have an uncontrollable temper. [potion
                  | of mutation]
 41903 | D:15     | Lost mutation: You are frail. (-10% HP) [potion of
                  | mutation]
 41903 | D:15     | Lost mutation: You are agile. (Dex +4, Str/Int -1) [potion
                  | of mutation]
 42236 | Snake:4  | Bought a potion of mutation for 272 gold pieces
 42236 | Snake:4  | Bought a scroll of fog for 136 gold pieces
 42236 | Snake:4  | Bought a potion of curing for 102 gold pieces
 42236 | Snake:4  | Bought a potion of cancellation for 272 gold pieces
 42236 | Snake:4  | Lost mutation: You are vulnerable to cold. (rC-) [potion of
                  | mutation]
 42236 | Snake:4  | Lost mutation: You sometimes lose your temper in combat.
                  | [potion of mutation]
 42236 | Snake:4  | Gained mutation: You passively dampen the noise of your
                  | surroundings. [potion of mutation]
 42236 | Snake:4  | Gained mutation: You passively map a small area around you.
                  | [potion of mutation]
 42236 | Snake:4  | Gained mutation: You have large cloven feet. [potion of
                  | mutation]
 42358 | Snake:1  | XOM: god gift: 51 gold pieces
 42627 | Depths:1 | Found a gateway to Hell.
 42634 | Depths:1 | Reached skill level 15 in Dodging
 42695 | Depths:1 | XOM: enchant monster (good)
 42698 | Depths:1 | XOM: enchant monster (good)
 42761 | Depths:1 | Found a one-way gate to the infinite horrors of the Abyss.
 42775 | Depths:1 | XOM: summons 16 friendly demons
 43324 | Depths:1 | XOM: confuse monster(s)
 43330 | Depths:1 | Found a white marble altar of Elyvilon.
 43330 | Depths:1 | Found a glowing silver altar of Zin.
 43330 | Depths:1 | Found a glowing golden altar of the Shining One.
 43509 | Depths:2 | XOM: summons 8 friendly demons
 43521 | Depths:2 | Found the +5 glaive of the Guard {elec, spectral}
 43521 | Depths:2 | XOM: 3-stop teleportation journey
 43583 | Depths:2 | XOM: 2-stop teleportation journey
 43639 | Depths:2 | XOM: cast spell 'Olgreb's Toxic Radiance'
 43696 | Depths:2 | Found Buupt's Book Shoppe.
 43697 | Depths:2 | Found Enetef's Jewellery Boutique.
 43698 | Depths:2 | Found Esofy's Book Shoppe.
 43715 | Depths:2 | XOM: 5-stop teleportation journey
 43848 | Depths:2 | Found a one-way gate leading to the halls of Pandemonium.
 44006 | Depths:2 | XOM: silly message
 44047 | Depths:2 | Found a one-way gateway to a ziggurat.
 44048 | Depths:2 | XOM: potion effect (might)
 44058 | Depths:2 | XOM: polymorph deep troll shaman -> anaconda
 44062 | Depths:2 | Reached skill level 21 in Fighting
 44063 | Depths:2 | Reached XP level 22. HP: 206/213 MP: 22/22
 44106 | Depths:2 | XOM: enchant monster (bad)
 44769 | Depths:3 | XOM: summons 2 hostile shadow creatures
 44880 | Depths:3 | You fall into a shaft and drop 1 floor!
 44880 | Depths:4 | XOM: noise
 44880 | Depths:4 | Entered Level 4 of the Depths
 44892 | Depths:4 | XOM: confuse monster(s)
 44893 | Depths:4 | XOM: potion effect (brilliance)
 44989 | Depths:4 | XOM: 2-stop teleportation journey
 45111 | Depths:3 | Noticed a golden dragon
 45111 | Depths:3 | Noticed a caustic shrike
 45115 | Depths:3 | XOM: scenery: create altars
 45117 | Depths:3 | Killed a caustic shrike
 45131 | Depths:3 | XOM: scenery: create altars
 45141 | Depths:3 | Killed a golden dragon
 45141 | Depths:3 | XOM: 3-stop teleportation journey
 45408 | Depths:3 | Noticed a golden dragon
 45414 | Depths:3 | XOM: scenery: create altars
 45419 | Depths:3 | Killed a golden dragon
 45777 | Depths:3 | XOM: polymorph iron troll -> shapeshifter
 45954 | Depths:4 | Found a gate to the Realm of Zot.
 45954 | Depths:4 | Noticed a golden dragon
 45954 | Depths:4 | Noticed a golden dragon
 45957 | Depths:4 | Killed a golden dragon
 45965 | Depths:4 | Killed a golden dragon
 45984 | Depths:4 | XOM: divination: magic mapping
 46004 | Depths:4 | Found an ornate altar of the Wu Jian Council.
 46069 | Depths:4 | XOM: scenery: summon butterflies
 46131 | Depths:4 | Found Atafitics's Book Shoppe.
 46134 | Depths:4 | Found Ywitezoh's Weapon Emporium.
 46134 | Depths:4 | Found Domasoc's Antique Armour Shoppe.
 46151 | Depths:4 | Found Fomoi's Weapon Emporium.
 46241 | Depths:4 | Found a runed translucent door.
 46266 | Depths:4 | XOM: polymorph quicksilver dragon -> fire giant
 46584 | Depths:2 | XOM: cloud trail
 46612 | Depths:1 | XOM: stat loss: -1 Str (18/19)
 46804 | Crypt:1  | Entered Level 1 of the Crypt
 46817 | Crypt:1  | XOM: scenery: 1 doors close
 47014 | Crypt:1  | Reached skill level 22 in Fighting
 47042 | Crypt:1  | Found a basalt altar of Yredelemnul.
 47088 | Crypt:1  | Reached XP level 23. HP: 223/223 MP: 23/23
 47221 | Crypt:1  | XOM: give mutations
 47221 | Crypt:1  | Gained mutation: You have a somewhat thin skeletal
                  | structure. (Dex +2, Stealth+) [Xom's mischief]
 47221 | Crypt:1  | Lost mutation: You passively map a small area around you.
                  | [Xom's mischief]
 47688 | Crypt:2  | Found a runed translucent gate.
 47688 | Crypt:2  | Found a runed translucent gate.
 47688 | Crypt:2  | Found a runed translucent gate.
 47692 | Crypt:2  | Noticed Gathuos's ghost (adept OpEE)
 47708 | Crypt:2  | Killed Gathuos's ghost
 47787 | Crypt:2  | Reached skill level 15 in Shields
 47843 | Crypt:2  | XOM: cast spell 'Summon Small Mammal'
 47849 | Crypt:2  | XOM: enchant monster (bad)
 47921 | Crypt:2  | XOM: divination: detect creatures
 47965 | Crypt:2  | XOM: potion effect (haste)
 48328 | Crypt:2  | XOM: god gift: scroll of vulnerability
 48413 | Crypt:3  | Entered Level 3 of the Crypt
 48479 | Crypt:3  | XOM: divination: magic mapping
 48650 | Crypt:3  | XOM: scenery: 1 doors open, 2 doors close
 48943 | Crypt:3  | XOM: smoke on damage
 49052 | Crypt:3  | Noticed a dread lich
 49052 | Crypt:3  | XOM: 8-stop teleportation journey
 49155 | Crypt:3  | XOM: scenery: 2 doors close
 49464 | Crypt:3  | Found an ancient bone altar of Kikubaaqudgha.
 49466 | Crypt:3  | Noticed a dread lich
 49475 | Crypt:3  | Killed a dread lich
 49494 | Crypt:3  | Identified the ring "Zecvye" {rElec rC+ rN+ Dex+3}
 49494 | Crypt:3  | Identified the ring "Nabemn" {rN+ Int+3}
 49518 | Crypt:3  | Killed a dread lich
 49552 | Crypt:3  | XOM: god gift: scroll of noise
 49731 | Crypt:3  | XOM: divination: detect creatures
 49740 | Crypt:3  | XOM: cast spell 'Monstrous Menagerie'
 49865 | Crypt:3  | Found the +7 great mace "Undeadhunter" {deathbane, rN+}
 49912 | Crypt:3  | Found a staircase to the Tomb.
 49912 | Crypt:3  | Noticed an ancient lich
 49913 | Crypt:3  | Killed an ancient lich
 50176 | Vaults:3 | Identified the +4 ring mail "Muqy" {Drain rElec rCorr
                  | Int+6}
 50254 | D:13     | XOM: give mutations
 50254 | D:13     | Gained mutation: Your flesh is cold resistant. (rC+) [Xom's
                  | grace]
 50254 | D:13     | Gained mutation: Your spells are a little harder to cast,
                  | but a little more powerful. [Xom's grace]
 50254 | D:13     | Gained mutation: Your spells are harder to cast, but more
                  | powerful. [Xom's grace]
 50403 | Slime:1  | Entered Level 1 of the Pits of Slime
 50450 | Slime:5  | Entered Level 5 of the Pits of Slime
 50515 | Slime:5  | Noticed the Royal Jelly
 50516 | Slime:5  | XOM: confuse monster(s)
 50548 | Slime:5  | Killed the Royal Jelly
 50548 | Slime:5  | XOM: cast spell 'Alistair's Intoxication'
 50549 | Slime:5  | Reached skill level 23 in Fighting
 50553 | Slime:5  | XOM: potion effect (might)
 50558 | Slime:5  | Reached XP level 24. HP: 234/235 MP: 23/23
 50606 | Slime:5  | Identified the staff of the Eternal Void {rElec rF- rC+
                  | Earth}
 50612 | Slime:5  | Identified the ring "Yjore" {Fly rC+ Slay+2}
 50664 | Slime:5  | Identified the +2 trident "Rolan" {heavy, rElec Dex+3}
 50673 | Slime:5  | Got a slimy rune of Zot
 50675 | Slime:5  | Got a vibrating book
 50680 | Slime:5  | Identified the ring "Sitaib" {rF+ rC++ rN+ Int-4}
 50681 | Slime:5  | Identified the +4 ring mail of the Desert {rC+++ Will++
                  | MP-9}
 50694 | Slime:5  | Identified the +2 scale mail of the Game of Life {Dex+4}
 50748 | Slime:5  | Identified the +6 chain mail of the Moon Troll {*Slow +Inv
                  | rPois rCorr}
 50761 | Slime:5  | Acquired 652 gold pieces
 50762 | Slime:5  | Acquired 906 gold pieces
 50925 | Slime:5  | XOM: 2-stop teleportation journey
 50942 | Slime:5  | XOM: potion effect (haste)
 51068 | Slime:1  | XOM: cleaving
 51108 | Lair:3   | XOM: scenery: summon butterflies
 51217 | Orc:2    | XOM: scenery: create altars
 51265 | Orc:2    | Bought a potion of enlightenment for 70 gold pieces
 51265 | Orc:2    | Bought a potion of enlightenment for 70 gold pieces
 51277 | Orc:2    | XOM: god gift: 44 gold pieces
 51293 | Orc:2    | XOM: god gift: staff of death
 51455 | D:15     | Bought a scroll of enchant armour for 135 gold pieces
 51455 | D:15     | Bought a potion of enlightenment for 90 gold pieces
 51808 | Snake:4  | Bought a scroll of silence for 114 gold pieces
 51808 | Snake:4  | Bought a scroll of immolation for 48 gold pieces
 52082 | D:11     | Bought a wand of quicksilver (6) for 302 gold pieces
 52082 | D:11     | Bought a wand of quicksilver (6) for 302 gold pieces
 52082 | D:11     | Bought a wand of mindburst (7) for 117 gold pieces
 52149 | Lair:1   | XOM: god gift: 42 gold pieces
 52287 | Snake:1  | Bought a scroll of revelation for 120 gold pieces
 52540 | Vaults:1 | Bought a scroll of revelation for 120 gold pieces
 52785 | Snake:1  | Bought a scroll of silence for 152 gold pieces
 52785 | Snake:1  | Bought a scroll of enchant armour for 120 gold pieces
 52785 | Snake:1  | Bought a scroll of immolation for 64 gold pieces
 52972 | D:8      | XOM: god gift: glowing short sword {god gift}
 52995 | D:7      | Bought a wand of iceblast (18) for 648 gold pieces
 52995 | D:7      | Bought a wand of quicksilver (18) for 1134 gold pieces
 52995 | D:7      | Bought a wand of charming (18) for 648 gold pieces
 52995 | D:7      | Bought a wand of digging (11) for 693 gold pieces
 53264 | Vaults:5 | Entered Level 5 of the Vaults
 53268 | Vaults:5 | XOM: summons friendly iron imp
 53285 | Vaults:5 | XOM: scenery: create altars
 53318 | Vaults:5 | XOM: enchant monster (good)
 53329 | Vaults:5 | XOM: 7-stop teleportation journey
 53453 | Vaults:5 | Noticed a dread lich
 53470 | Vaults:5 | Killed a dread lich
 53522 | Vaults:5 | Noticed an ancient lich
 53527 | Vaults:5 | XOM: potion effect (haste)
 53538 | Vaults:5 | Killed an ancient lich
 53544 | Vaults:5 | XOM: blink monster(s)
 53549 | Vaults:5 | XOM: blink monster(s)
 53556 | Vaults:5 | XOM: give mutations
 53556 | Vaults:5 | Gained mutation: You occasionally shout uncontrollably at
                  | your foes. [Xom's mischief]
 53556 | Vaults:5 | Lost mutation: Your spells are harder to cast, but more
                  | powerful. [Xom's mischief]
 53708 | Vaults:5 | XOM: blink monster(s)
 53724 | Vaults:5 | XOM: chaos cloud
 53761 | Vaults:5 | XOM: chaos cloud
 53764 | Vaults:5 | XOM: enchant monster (bad)
 53879 | Vaults:5 | XOM: 2-stop teleportation journey
 53941 | Vaults:5 | XOM: 1-stop teleportation journey
 53996 | Vaults:5 | Identified the +7 flail of Disintegration {pain, rC+ Dex+2}
 54021 | Vaults:5 | Identified the +4 long sword of Deformation {antimagic,
                  | Str+5}
 54037 | Vaults:5 | XOM: summons 4 friendly demons
 54039 | Vaults:5 | XOM: divination: magic mapping
 54093 | Vaults:5 | Identified the +1 pair of gloves of Xefrogh {Str+3 Slay+2}
 54247 | Vaults:5 | XOM: divination: detect items
 54268 | Vaults:5 | XOM: god gift: book of Chaos
 54299 | Vaults:5 | Got a clothbound book
 54382 | Vaults:5 | XOM: give mutation
 54382 | Vaults:5 | Lost mutation: Your spells are a little harder to cast, but
                  | a little more powerful. [Xom's mischief]
 54426 | Vaults:5 | Got a silver rune of Zot
 54637 | Vaults:5 | Reached skill level 15 in Stealth
 54834 | Vaults:5 | Found a shimmering altar of Xom.
 55160 | Vaults:5 | XOM: scenery: create altars
 55179 | Vaults:5 | XOM: give mutation
 55179 | Vaults:5 | Gained mutation: Your muscles are strong. (Str +4, Int/Dex
                  | -1) [Xom's grace]
 55229 | Vaults:5 | Found a shimmering altar of Xom.
 55921 | Depths:3 | XOM: scenery: create altars
 55956 | Zig:1    | Entered Level 1 of a ziggurat
 55957 | Zig:1    | XOM: summons 16 friendly demons
 56047 | Zig:2    | Entered Level 2 of a ziggurat
 56060 | Zig:3    | Entered Level 3 of a ziggurat
 56087 | Zig:4    | Entered Level 4 of a ziggurat
 56090 | Zig:4    | Noticed Kiymol the pandemonium lord
 56090 | Zig:4    | Found the +9 staff of Olgreb {rPois∞}
 56090 | Zig:4    | Gained mutation: Potions are less effective at restoring
                  | your health. [a cacodemon]
 56105 | Zig:4    | XOM: scenery: summon butterflies
 56113 | Zig:4    | Killed Kiymol the pandemonium lord
 56114 | Zig:4    | Reached skill level 24 in Fighting
 56173 | Zig:5    | Entered Level 5 of a ziggurat
 56217 | Zig:6    | Entered Level 6 of a ziggurat
 56222 | Zig:6    | Found the +9 sword of Power {lifebolt}
 56224 | Zig:6    | XOM: fog
 56230 | Zig:6    | XOM: potion effect (berserk rage)
 56232 | Zig:6    | Reached XP level 25. HP: 245/245 MP: 23/23
 56234 | Zig:6    | XOM: scenery: summon butterflies
 56267 | Zig:7    | Entered Level 7 of a ziggurat
 56269 | Zig:7    | XOM: noise
 56316 | Zig:8    | Entered Level 8 of a ziggurat
 56324 | Zig:8    | Noticed Wiesiox the pandemonium lord
 56326 | Zig:8    | XOM: smoke on damage
 56340 | Zig:8    | Killed Wiesiox the pandemonium lord
 56364 | Zig:8    | Identified the +2 cloak "Dah Sej" {rF- rN++ Stlth+}
 56366 | Zig:8    | Identified the +1 robe of Gallantry {Will+ rCorr Int+3
                  | Archmagi}
 56560 | Zig:9    | Entered Level 9 of a ziggurat
 56567 | Zig:9    | XOM: summons 7 friendly demons
 56578 | Zig:9    | Noticed Fontu the pandemonium lord
 56627 | Zig:9    | XOM: fake destruction
 56649 | Zig:9    | Killed Fontu the pandemonium lord
 56814 | Zig:9    | XOM: summons 2 hostile demons
 56876 | Zig:10   | Entered Level 10 of a ziggurat
 56890 | Zig:10   | XOM: enchant monster (good)
 56910 | Zig:10   | XOM: swap monsters
 56915 | Zig:10   | XOM: 2-stop teleportation journey
 56939 | Zig:10   | Identified the +1 helmet of the Game of Kings {Int+2}
 56946 | Zig:10   | Identified the ring "Buryeber" {rF+ AC+4 Dex+2}
 57011 | Zot:1    | Entered Level 1 of the Realm of Zot
 57032 | Zot:1    | XOM: stat loss: -1 Int (9/10)
 57148 | Zot:1    | XOM: 1-stop teleportation journey
 57215 | Zot:1    | XOM: noise
 57246 | Zot:1    | XOM: noise
 57366 | Zot:1    | XOM: chaos upgrade
 57731 | Zot:1    | Noticed an orb of fire
 57738 | Zot:1    | Killed an orb of fire
 57880 | Zot:2    | XOM: confusion
 57993 | Zot:2    | XOM: potion effect (heal wounds)
 58265 | Zot:2    | XOM: summons 14 friendly demons
 58281 | Zot:2    | XOM: give mutations
 58281 | Zot:2    | Gained mutation: You are resistant to electric shocks.
                  | (rElec) [Xom's grace]
 58281 | Zot:2    | Lost mutation: You have large cloven feet. [Xom's grace]
 58281 | Zot:2    | Gained mutation: You have sharp toenails. [Xom's grace]
 58281 | Zot:2    | Gained mutation: Your system is resistant to poisons.
                  | (rPois) [Xom's grace]
 58281 | Zot:2    | Gained mutation: You have a beak for a mouth. [Xom's grace]
 58367 | Zot:2    | XOM: cloud trail
 58402 | Zot:2    | XOM: scenery: summon butterflies
 58449 | Zot:2    | XOM: 1-stop teleportation journey
 58529 | Zot:2    | XOM: divination: detect creatures
 58691 | Zot:1    | XOM: scenery: 1 doors close
 58739 | Zot:1    | XOM: give mutations
 58739 | Zot:1    | Gained mutation: You are strong-willed. (Will+) [Xom's
                  | grace]
 58739 | Zot:1    | Gained mutation: You have a moderately thin skeletal
                  | structure. (Dex +4, Stealth++) [Xom's grace]
 58914 | Zot:3    | Reached skill level 25 in Fighting
 59128 | Zot:3    | Identified the +10 shortbow of Victory {antimagic, Str+3
                  | Int-3 Dex+4}
 59260 | Zot:3    | XOM: scenery: summon butterflies
 59263 | Zot:3    | XOM: polymorph butterfly -> river rat
 59290 | Zot:3    | Acquired the +1 cloak of Ashenzari, Inviting {rElec rN+}
 59322 | Zot:3    | XOM: enchant monster (good)
 59356 | Zot:3    | Noticed an orb of fire
 59366 | Zot:3    | XOM: silly message
 59372 | Zot:3    | XOM: potion effect (heal wounds)
 59376 | Zot:3    | Killed an orb of fire
 59377 | Zot:3    | Reached XP level 26. HP: 249/258 MP: 23/23
 59388 | Zot:3    | XOM: noise
 59418 | Zot:3    | XOM: 5-stop teleportation journey
 59422 | Zot:3    | XOM: silly message
 59516 | Zot:3    | XOM: noise
 59591 | Zot:3    | XOM: silly message
 59950 | Zot:3    | XOM: confusion
 60403 | Zot:4    | XOM: 2-stop teleportation journey
 60442 | Zot:4    | XOM: polymorph tentacled monstrosity -> hellephant
 60531 | Zot:4    | XOM: polymorph moth of wrath -> shapeshifter
 60853 | Zot:4    | XOM: butterfly on damage
 60951 | Zot:4    | XOM: god gift: 3 darts of dispersal
 60965 | Zot:4    | XOM: give mutations
 60965 | Zot:4    | Gained mutation: You have an unnaturally thin skeletal
                  | structure. (Dex +6, Stealth+++) [Xom's grace]
 60965 | Zot:4    | Gained mutation: You are covered in fur. (AC +1) [Xom's
                  | grace]
 61069 | Zot:4    | XOM: confusion (+ monsters)
 61209 | Zot:5    | Entered Level 5 of the Realm of Zot
 61652 | Zot:5    | Noticed a dread lich
 61674 | Zot:5    | Killed a dread lich
 61708 | Zot:5    | Noticed a dread lich
 61724 | Zot:5    | Killed a dread lich
 61781 | Zot:5    | Noticed a dread lich
 61800 | Zot:5    | Killed a dread lich
 61950 | Zot:5    | Noticed an orb of fire
 62012 | Zot:5    | Noticed an ancient lich
 62017 | Zot:5    | Killed an ancient lich
 62373 | Zot:5    | XOM: god gift: scroll of teleportation
 62459 | Zot:5    | Reached skill level 26 in Fighting
 62604 | Zot:5    | Killed an orb of fire
 62779 | Zot:5    | XOM: divination: detect creatures
 62779 | Zot:5    | Noticed a dread lich
 62794 | Zot:5    | XOM: swap monsters
 62799 | Zot:5    | Killed a dread lich
 62836 | Zot:5    | Noticed a dread lich
 62837 | Zot:5    | XOM: confusion
 62844 | Zot:5    | Killed a dread lich
 63073 | Zot:5    | Noticed an ancient lich
 63080 | Zot:5    | Killed an ancient lich
 63361 | Zot:5    | XOM: cleaving
 63366 | Zot:5    | XOM: potion effect (might)
 63367 | Zot:5    | Reached XP level 27. HP: 269/269 MP: 23/23
 63519 | Zot:5    | Killed a dread lich
 63591 | Zot:5    | Noticed a dread lich
 63598 | Zot:5    | Noticed an orb of fire
 63603 | Zot:5    | Killed a dread lich
 63606 | Zot:5    | Gained mutation: You are clumsy. (Dex -2) [an orb of fire]
 63610 | Zot:5    | Lost mutation: You have an unnaturally thin skeletal
                  | structure. (Dex +6, Stealth+++) [an orb of fire]
 63613 | Zot:5    | Killed an orb of fire
 63621 | Zot:5    | Noticed an ancient lich
 63625 | Zot:5    | XOM: divination: detect items
 63629 | Zot:5    | Killed an ancient lich
 63634 | Zot:5    | XOM: silly message
 64466 | Zot:5    | Got the Orb of Zot
 64492 | Zot:5    | XOM: silly message
 64629 | Depths:2 | XOM: silly message
 64799 | D:10     | XOM: noise
 64807 | D:10     | XOM: silly message
 64924 | D:3      | XOM: confusion (+ monsters)
 65017 | D:$      | Escaped with the Orb!

Illustrated notes

Levels and vault maps discovered:
D:1:      minmay_arrival_loop, layout_loops_ring
D:2:      layout_basic, basic_altar
D:3:      layout_loops_ring, lemuel_coloured_pillars_altar,
          ebering_ecumenical_altar_ruins, uniq_ijyb, uniq_sigmund
D:4:      layout_cave_pods, nicolae_dithmenos_the_darkroom,
          kennysheep_minor_cross
D:5:      layout_basic, mainiacjoe_overflow_alcove_1,
          minmay_overflow_temple_star_hex, minmay_temple_entry_waves
D:6:      layout_rooms, led_sif_book, portal_sewer_entry_a,
          minmay_misc_feat_rows
D:7:      layout_loops_ring, gammafunk_ghost_nasty_kobolds,
          nicolae_shop_overcharged_wands
D:8:      layout_rooms, overflow_temple_1_default,
          hellmonk_okawaru_the_only_friend_you_need, serial_shops, shop,
          kennysheep_path_1, st_stairs_7, minmay_misc_feat_plants,
          minmay_misc_feat_nine_boxes
D:9:      layout_rooms, mainiacjoe_overflow_six_doors_small, tso_metal_star,
          nicolae_ru_sacrificial_ziggurat, minmay_fractal_squares_gapless_7
D:10:     layout_irregular_city, mainiacjoe_overflow_boulevard,
          mainiacjoe_overflow_paths, lair_entry_dummy, serial_shops,
          nicolae_shop_hallway_plus, nicolae_transporter_intersection,
          uniq_gastronok, uniq_amaemon, uniq_harold
D:11:     layout_grid_maze, orc_0_dummy, nicolae_shop_gadgets
D:12:     kennysheep_six_static_rooms, layout_rooms,
          minmay_shop_enchanted_jewellery, trog_three_pillars_becter
D:13:     layout_roguey, hangedman_vaults_entry_quadrant_bands,
          hangedman_decor_growths
D:14:     layout_long_grid, hangedman_decor_riveting, uniq_roxanne
D:15:     hellmonk_depths_entry_around_the_bend, layout_basic,
          gauntlet_entry_generic, grunt_gozag_statues, serial_shops,
          nicolae_shop_just_a_little_nook
Temple:   hellmonk_temple_rainy
Lair:1:   layout_cave_pods
Lair:2:   layout_regular_city, minivault_19, grunt_forest_small_clearing_treed,
          lemuel_fruit_fields, grunt_megastairs_4, serial_bayou_shore_a,
          uniq_nergalle
Lair:3:   regret_index_bee_streams, layout_chaotic_city,
          minmay_swamp_entry_worms, minmay_snake_entry_guardpost_medium
Lair:4:   layout_regular_city, slime_entry_1, grunt_megastairs_1,
          lemuel_fruit_tree, lemuel_fruit_fields
Lair:5:   hangedman_lair_in_review, layout_regular_city, pond
Swamp:1:  layout_falls_marsh, evilmike_swamp_ruin_house_6,
          hangedman_swamp_blocks, uniq_donald
Swamp:2:  layout_basic_swamp, evilmike_swamp_ruin_rubble_1
Swamp:3:  layout_basic_swamp, evilmike_swamp_ruin_house_4, swamp_pool1,
          nicolae_swamp_alligator_family, infiniplex_staircase_pool_2
Swamp:4:  swamp_old_school, layout_basic_swamp
Snake:1:  layout_cave_shapes, basic_altar, serial_shops, shop, shop,
          nicolae_shop_bloodbath_and_beyond, shop,
          nicolae_snake_magic_snake_eye, serial_bayou_shore_b
Snake:2:  layout_misc_corridors, basic_altar, eino_curves_02,
          serial_bayou_shore_b
Snake:3:  layout_cave_town
Snake:4:  grunt_snake_rune_serpentine_throne, layout_cave_town,
          nicolae_triple_integral, minmay_shop_star, uniq_aizul, uniq_mlioglotl
Slime:1:  layout_caves
Slime:2:  layout_caves, nicolae_slime_phagocytosis
Slime:3:  layout_caves, cheibrodos_slime_lost_civilization_5
Slime:4:  layout_caves
Slime:5:  slime_pit_nicolae_trefoil
Orc:1:    layout_caves
Orc:2:    st_orc_open, layout_caves, dreamdust_deal_with_the_devil
Elf:1:    eino_elf_arrival_the_gate, layout_geoelf_diagonals, evilmike_minifort,
          item_on_display_a
Elf:2:    elven_hall_of_blades_hangedman_alternative
          [nicolae_blade_entry_crossed_weapons], layout_loops_corners,
          serial_shops, shop, uniq_nikola, uniq_zenata
Elf:3:    elf_hall_gauntlet_wide, layout_onion_city
Vaults:1: nicolae_vaults_little_squares_5, nicolae_vaults_off_center_swirl,
          vaults_room_fancy_cross, nicolae_vaults_angled_halls,
          nicolae_vaults_layer_cake_slice, v_misc_3, v_misc_11,
          nicolae_vaults_house_2, layout_vaults_big_room, serial_shops,
          nicolae_shop_statue_plus
Vaults:2: nicolae_vaults_disappearing_quadrants,
          nicolae_vaults_network_quinsquares
          [nicolae_vaults_network_quincunx_subvault,
          nicolae_vaults_network_quincunx_subvault,
          nicolae_vaults_network_quincunx_subvault,
          nicolae_vaults_network_quincunx_subvault], nicolae_vaults_diamond_2,
          vaults_room_door_hall, hangedman_vaults_hat, hangedman_vaults_trim,
          nicolae_vaults_storage_closets_3, nicolae_vaults_little_squares_6,
          nicolae_vaults_closet_pinwheel_2,
          nicolae_vaults_offset_grid_hallway_2, nicolae_vaults_two_Ls,
          layout_vaults_omnibox, serial_shops, nicolae_shop_behind_doors,
          uniq_frederick
Vaults:3: v_pattern_5, minmay_crypt_entry_simple_sparse,
          nicolae_vaults_hexular_roomagon, v_misc_12,
          nicolae_vaults_closet_pinwheel_4, v_misc_12,
          nicolae_vaults_storing_the_good_stuff, nicolae_vaults_double_plus_1,
          hangedman_vaults_stretched_pinwheel, nicolae_vaults_border_crossing,
          layout_vaults_omnigrid
Vaults:4: mu_enter_wizlab_3, nicolae_vaults_trapezoid_2,
          nicolae_vaults_gold_heap, nicolae_vaults_stairing_the_circle,
          nicolae_vaults_angled_halls, hangedman_vaults_snaps,
          dpeg_vaults_monster_row, vaults_dpeg_encased_lava, v_misc_11,
          nicolae_vaults_mini_display_case, nicolae_vaults_more_shelving_2,
          nicolae_vaults_asterisk, ontoclasm_vaults_idyll,
          nicolae_vaults_trapezoid_lopsided_1,
          nicolae_vaults_security_offices_4, nicolae_vaults_hexular_roomagon,
          layout_vaults_maze, nicolae_trove_entry_free_sample
Vaults:5: serial_shops
Crypt:1:  layout_misc_corridors, basic_altar, grunt_ministairs_4
Crypt:2:  layout_gridlike, gammafunk_ghost_spectres
Crypt:3:  quadcrypt_mu
Depths:1: layout_cave_pools, abyss_entry, hell_entry, chequers_jeans,
          serial_sigils_hangedman_snap, hallowed_hall
Depths:2: minmay_shoctagon, layout_long_grid, enter_ziggurat_a,
          hangedman_coc_ice_floe, rand_demon_pan_entry_4,
          kennysheep_small_circle, grunt_megastairs_5, minmay_shop_grove
Depths:3: minmay_glassy_protrusions, layout_basic, grunt_hell_entry_dis_old,
          pan_entry, abyss_entry
Depths:4: grunt_twist_and_shout, layout_small_grid, nzn_wu_jian_council_hall,
          rand_demon_pan_entry_3, hell_entry, eino_tiny_chamber,
          minmay_st_funbox, drop_trap, minmay_misc_feat_enclosed,
          glass_columns_b, minmay_shoptagon
Zot:1:    kennysheep_room_grid, layout_cellular_growth, grunt_megastairs_2
Zot:2:    layout_onion_interference
Zot:3:    grunt_deathspiral_small, layout_cathedral_of_symmetry,
          st_single_dragon_hoard_2, hangedman_zot_gyre,
          nicolae_rock_paper_scissors
Zot:4:    layout_misc_corridors
Zot:5:    layout_basic

Skill      XL: |  1  2  3  4  5  6  7  8  9 10 11 12 13 14 15 16 17 18 19 20 21 22 23 24 25 26 27 |
---------------+----------------------------------------------------------------------------------+-----
Short Blades   | 3 4 6 7 8 10 13 14 | 14.0
Stealth        | 4 5 6 8 9 10 11 13 15 | 15.0
Shapeshifting  | 1 2 3 6 8 9 10 11 12 13 14 15 16 17 18 19 | 19.0
Fighting       | 3 4 6 7 8 10 11 12 13 15 16 17 18 19 20 21 22 23 24 25 26 | 26.5
Evocations     | 2 3 4 5 7 8 10 12 13 14 15 | 15.0
Throwing       | 2 4 |  4.0
Dodging        | 2 4 6 8 10 11 12 13 14 15 16 17 18 19 20 21 | 21.2
Shields        | 4 8 10 11 13 14 16 17 19 22 23 | 23.0

Action                     |  1- 3 |  4- 6 |  7- 9 | 10-12 | 13-15 | 16-18 | 19-21 | 22-24 | 25-27 || total
---------------------------+-------+-------+-------+-------+-------+-------+-------+-------+-------++-------
  Melee: Dagger            |    73 |   154 |   479 |       |       |   505 |   285 |       |       ||  1496
         Tailslap          |     5 |    30 |    92 |    92 |   262 |   352 |   307 |   678 |   515 ||  2333
         Punch             |       |     2 |     5 |     8 |    29 |    11 |       |       |       ||    55
         Short sword       |       |       |       |   547 |  1261 |   988 |       |       |       ||  2796
         Kick              |       |       |       |   182 |   409 |       |       |       |       ||   591
         Maw               |       |       |       |   161 |   529 |   644 |   565 |  1153 |   877 ||  3929
         Rapier            |       |       |       |       |       |       |   998 |   488 |       ||  1486
         Quick blade       |       |       |       |       |       |       |       |  1738 |  1636 ||  3374
         Peck              |       |       |       |       |       |       |       |       |   409 ||   409
  Throw: Dart              |    19 |    36 |    41 |    59 |    95 |    14 |       |    10 |    14 ||   288
         Throwing net      |       |       |       |       |     1 |     1 |       |       |       ||     2
Ability: Evoke Invisibilit |       |       |       |       |       |     1 |       |       |       ||     1
  Evoke: Wand              |       |     1 |    12 |     8 |    10 |    17 |       |     6 |     7 ||    61
         Box of beasts     |       |       |       |     1 |     3 |     4 |     1 |       |     1 ||    10
         Phantom mirror    |       |       |       |       |     1 |     4 |     2 |     1 |     1 ||     9
         Tin of tremorston |       |       |       |       |     3 |     6 |     6 |     2 |     4 ||    21
         Phial of floods   |       |       |       |       |       |     1 |       |       |       ||     1
    Use: Scroll            |     3 |       |     6 |    13 |    19 |     6 |     4 |    12 |     9 ||    72
         Potion            |       |     1 |       |     1 |     3 |     8 |     4 |     4 |     3 ||    24
   Stab: Sleeping          |     6 |     5 |     3 |    21 |    40 |    27 |    54 |    87 |    22 ||   265
         Invisible         |       |     1 |     1 |       |     8 |     9 |       |       |       ||    19
         Confused          |       |       |     1 |     2 |     1 |     6 |     2 |     5 |     6 ||    23
         Petrified         |       |       |       |     3 |     6 |     1 |       |       |       ||    10
         Distracted        |       |       |       |     4 |     5 |    15 |    14 |    10 |     9 ||    57
         Petrifying        |       |       |       |       |     2 |     1 |       |       |       ||     3
         Held in net/web   |       |       |       |       |     2 |     2 |       |       |       ||     4
         Paralysed         |       |       |       |       |     1 |       |       |       |       ||     1
 Armour: Skin              |    24 |    70 |   263 |   249 |   554 |   402 |   316 |   263 |   254 ||  2395
  Dodge: Dodged            |    46 |    71 |   204 |   241 |   650 |   633 |   687 |   431 |   334 ||  3297
  Block: Other             |       |       |       |       |   185 |   100 |       |       |       ||   285
         Reflection        |       |       |       |       |     3 |    28 |    29 |     7 |    17 ||    84
         Kite shield       |       |       |       |       |       |   366 |   906 |   861 |   115 ||  2248
         Tower shield      |       |       |       |       |       |       |       |       |   641 ||   641
   Form: Maw               |       |       |       |     1 |       |       |       |       |       ||     1

Table legend: (Time is in decaauts)
 A = Elapsed time spent in this place.
 B = Non-inter-level travel time spent in this place.
 C = Inter-level travel time spent in this place.
 D = Time resting spent in this place.
 E = Time spent auto-exploring this place.
 F = Levels seen in this place.
 G = Mean time per level.
                   A        B        C        D        E       F      G
               +--------+--------+--------+--------+--------+-----+--------+
         Total |  62324 |  53944 |   8380 |   2276 |  36953 |  70 |  890.3 |
       Dungeon |  15870 |  13026 |   2844 |    495 |   9094 |  15 | 1058.0 |
        Temple |      1 |      1 |      0 |      0 |      0 |   1 |    1.0 |
          Lair |   7064 |   5653 |   1411 |     25 |   4061 |   5 | 1412.8 |
         Swamp |   2945 |   2802 |    143 |    321 |   1615 |   4 |  736.2 |
     Snake Pit |   5769 |   4444 |   1325 |    102 |   3191 |   4 | 1442.2 |
    Slime Pits |    586 |    513 |     73 |      0 |     77 |   5 |  117.2 |
  Orcish Mines |   1469 |    981 |    488 |      0 |    707 |   2 |  734.5 |
   Elven Halls |   4339 |   4067 |    272 |    236 |   2845 |   3 | 1446.3 |
        Vaults |   8035 |   7194 |    841 |    434 |   4898 |   5 | 1607.0 |
         Crypt |   3119 |   2833 |    286 |      0 |   2085 |   3 | 1039.7 |
        Depths |   4035 |   3629 |    406 |      0 |   2652 |   4 | 1008.8 |
           Zot |   7272 |   6985 |    287 |    417 |   5071 |   5 | 1454.4 |
         Abyss |     89 |     89 |      0 |      0 |     47 |   1 |   89.0 |
      Ziggurat |    907 |    907 |      0 |    206 |    249 |  10 |   90.7 |
         Sewer |    255 |    255 |      0 |     23 |     64 |   1 |  255.0 |
        Wizlab |      3 |      3 |      0 |      0 |      0 |   1 |    3.0 |
      Gauntlet |    558 |    558 |      0 |     13 |    296 |   1 |  558.0 |
               +--------+--------+--------+--------+--------+-----+--------+

Top non-repeatable levels by time:
   Zot:5: 3222 daAuts
  Lair:3: 2561 daAuts
Vaults:5: 2267 daAuts
 Snake:4: 2126 daAuts
 Snake:1: 1972 daAuts
Vaults:2: 1864 daAuts
   Elf:3: 1825 daAuts
    D:10: 1822 daAuts
 Crypt:3: 1595 daAuts
   Zot:3: 1454 daAuts
Vaults:3: 1446 daAuts
   Elf:2: 1422 daAuts
     D:9: 1419 daAuts
    D:11: 1369 daAuts
  Lair:1: 1322 daAuts
